 Dungeon Crawl Stone Soup version 0.16-a0-2818-g1ef6e07 (webtiles) character file.

537998 Ololoev the Stormcaller (level 24, -22/189 HPs)
             Began as a Mummy Chaos Knight on Nov 26, 2014.
             Was a Favourite Plaything of Xom.
             Annihilated by a war gargoyle
             ... wielding a +1 antimagic dire flail
              (28 damage)
             ... while paralysed by you
             ... on level 3 of the Crypt on Nov 28, 2014.
             The game lasted 12:19:21 (114723 turns).

Ololoev the Stormcaller (Mummy Chaos Knight)      Turns: 114723, Time: 12:19:21

Health: -22/189    AC: 27    Str: 11 (12) XL:     24   Next: 64%
Magic:  0/38       EV:  2    Int: 18 (26) God:    Xom
Gold:   2056       SH:  0    Dex: 13 (14) Spells: 10 memorised, 4 levels left

rFire  + . .     SeeInvis .     a - +8 trident of Scorn {pain, rF+}
rCold  + + .     Clarity  +     I - +4 troll leather armour
rNeg   + + +     SustAb   .     y - +3 buckler {rC+}
rPois  ∞         Gourm    .     k - +2 helmet {Int+3}
rElec  .         Spirit   .     X - +2 cloak {+Inv}
rCorr  .         Warding  .     r - +2 pair of gloves
rMut   .         Stasis   .     g - +2 pair of boots {Stlth+}
MR     ++++.                    B - amulet of clarity
Stlth  +++.......               d - ring of the Hundredfold Seas {AC+3 Int+4 Dex+3}
                                U - ring "Kheceate" {+Blink rF+ MR+ Str-3}

@: paralysed, swift, very slightly contaminated, quick, incredibly resistant to
hostile enchantments, fairly stealthy
A: no food or potions, fire vulnerability, in touch with death, restore body,
cold resistance 1, negative energy resistance 3, poison resistance, torment
resistance, unbreathing
a: Self-Restoration, Renounce Religion, Evoke Blink, Evoke Invisibility
}: 3/15 runes: decaying, serpentine, abyssal


You were on level 3 of the Crypt.
You worshipped Xom.
You were a plaything of Xom.
You were not hungry.

You visited 9 branches of the dungeon, and saw 51 of its levels.
You visited the Abyss 3 times.
You visited 1 ziggurat, and saw 6 of its levels.
You also visited: Trove and Sewer.

You collected 7748 gold pieces.
You spent 5692 gold pieces at shops.

Notes
Turn   | Place    | Note
--------------------------------------------------------------
     0 | D:1      | Ololoev, the Mummy Chaos Knight, began the quest for the Orb.
     0 | D:1      | Reached XP level 1. HP: 18/18 MP: 1/1
   213 | D:1      | XOM: potion effect (invisibility)
   242 | D:1      | XOM: harmless Necr miscast
   245 | D:1      | Reached XP level 2. HP: 24/24 MP: 2/2
   373 | D:1      | XOM: silly message
   510 | D:1      | XOM: mild Tloc miscast
   838 | D:2      | Reached XP level 3. HP: 20/29 MP: 3/3
  1074 | D:2      | Found an opulent altar of Gozag.
  1208 | D:2      | Reached skill level 4 in Polearms
  1251 | D:2      | Found a bloodstained altar of Trog.
  1340 | D:2      | XOM: silly message
  1349 | D:2      | Reached XP level 4. HP: 35/35 MP: 4/4
  1403 | D:2      | XOM: harmless Chrm miscast
  1551 | D:3      | Found a glowing drain.
  1658 | Sewer    | Entered a sewer
  1807 | Sewer    | XOM: mild Erth miscast
  2064 | Sewer    | Reached XP level 5. HP: 39/41 MP: 5/5
  2192 | Sewer    | XOM: scenery: 1 doors open
  2193 | Sewer    | Noticed a big kobold
  2205 | Sewer    | Killed a big kobold
  2205 | Sewer    | Reached skill level 5 in Polearms
  2340 | Sewer    | Noticed a big kobold
  2343 | Sewer    | XOM: silly message
  2346 | Sewer    | Noticed a big kobold
  2360 | Sewer    | XOM: enchant monster (good)
  2373 | Sewer    | Killed a big kobold
  2373 | Sewer    | Reached XP level 6. HP: 26/47 MP: 6/6
  2398 | Sewer    | Killed a big kobold
  2398 | Sewer    | Reached skill level 6 in Polearms
  2457 | Sewer    | XOM: 7-stop teleportation journey
  2525 | Sewer    | XOM: god gift: 39 gold pieces
  2576 | Sewer    | XOM: noise
  2745 | Sewer    | XOM: severe Divn miscast
  2781 | Sewer    | Noticed a big kobold
  2798 | Sewer    | Killed a big kobold
  3201 | D:3      | Found a stormy altar of Qazlal.
  3286 | D:3      | XOM: silly message
  3303 | D:3      | XOM: mild Chrm miscast
  3367 | D:3      | XOM: harmless Tloc miscast
  3426 | D:3      | XOM: colour smoke trail
  3469 | D:3      | XOM: medium Erth miscast
  3518 | D:3      | XOM: medium Trmt miscast
  3753 | D:4      | Reached XP level 7. HP: 49/52 MP: 7/7
  4003 | D:4      | Reached skill level 7 in Polearms
  4060 | D:4      | XOM: silly message
  4123 | D:4      | XOM: divination: detect creatures
  4272 | D:4      | Noticed Robin
  4355 | D:5      | Entered Level 5 of the Dungeon
  4424 | D:4      | Killed Robin
  4500 | D:4      | Found a burning altar of Makhleb.
  4885 | D:4      | Reached skill level 8 in Polearms
  4941 | D:4      | XOM: potion effect (haste)
  5125 | D:5      | XOM: fake destruction
  5130 | D:5      | XOM: divination: detect items
  5136 | D:5      | Reached XP level 8. HP: 47/58 MP: 8/8
  5197 | D:5      | XOM: god gift: 57 gold pieces
  5286 | D:5      | Found a shimmering altar of Xom.
  5469 | D:5      | Got an ichor-stained robe
  5480 | D:5      | Identified the cursed +1 robe of the Barracuda {rElec Stlth+} (You found it on level 5 of the Dungeon)
  5619 | D:5      | XOM: divination: magic mapping
  5783 | D:5      | XOM: colour smoke trail
  5959 | D:5      | Reached skill level 9 in Polearms
  6377 | D:6      | XOM: noise
  6408 | D:6      | XOM: smoke on damage
  6409 | D:6      | XOM: silly message
  6598 | D:6      | Noticed Menkaure
  6732 | D:6      | XOM: summons 2 friendly demons
  6743 | D:6      | XOM: confuse monster(s)
  6750 | D:6      | XOM: colour smoke trail
  6753 | D:6      | Killed Menkaure
  6813 | D:6      | Reached skill level 10 in Polearms
  6825 | D:6      | XOM: silly message
  7106 | D:6      | Found a basalt altar of Yredelemnul.
  7106 | D:6      | Found a glowing silver altar of Zin.
  7155 | D:6      | Reached XP level 9. HP: 53/63 MP: 9/9
  7309 | D:6      | XOM: confusion
  7317 | D:6      | XOM: mild Pois miscast
  7332 | D:6      | XOM: silly message
  7335 | D:6      | XOM: confusion
  7482 | D:6      | XOM: enchant monster (good)
  8028 | D:7      | XOM: harmless Pois miscast
  8148 | D:7      | Found a staircase to the Ecumenical Temple.
  8256 | D:7      | XOM: divination: detect items
  8282 | D:7      | Found an iron altar of Okawaru.
  8292 | D:7      | Found Caarutut's Weapon Emporium.
  8303 | D:7      | XOM: harmless Trmt miscast
  8313 | D:7      | Bought a +1 halberd of protection for 165 gold pieces
  8387 | D:7      | Noticed Edmund
  8403 | D:7      | XOM: potion effect (haste)
  8416 | D:7      | XOM: divination: detect items
  8422 | D:7      | Killed Edmund
  8422 | D:7      | XOM: divination: detect creatures
  8444 | D:7      | XOM: polymorph big kobold -> crocodile
  8534 | D:7      | Found Wireodd Blee's Armour Shop.
  8552 | D:7      | Reached skill level 11 in Polearms
  8620 | D:7      | XOM: vitrification
  8672 | D:7      | XOM: chaos upgrade
  8725 | D:7      | XOM: cast spell 'Summon Butterflies'
  8826 | D:7      | XOM: harmless Divn miscast
  8834 | D:7      | Found Naizief's Book Emporium.
  8866 | D:7      | Learned a level 5 spell: Bolt of Magma
  8902 | D:7      | Noticed Crazy Yiuf
  8906 | D:7      | Killed Crazy Yiuf
  8955 | D:7      | Noticed Joseph
  8959 | D:7      | XOM: fog
  8961 | D:7      | Noticed Joseph
  8961 | D:7      | Joseph changed into Joseph the mottled dragon
  8961 | D:7      | XOM: polymorph Joseph -> Joseph the mottled dragon
  8962 | D:7      | Noticed Ijyb
  9035 | D:8      | Found an ancient bone altar of Kikubaaqudgha.
  9094 | D:8      | Reached skill level 1 in Conjurations
  9147 | D:8      | XOM: swap monsters
  9305 | D:8      | XOM: mild Conj miscast
  9450 | D:8      | XOM: 1-stop teleportation journey
  9629 | D:8      | XOM: butterfly on damage
  9968 | D:8      | Found a staircase to the Lair.
  9970 | D:8      | Noticed a komodo dragon
  9974 | D:8      | XOM: god gift: flail {god gift}
 10204 | D:8      | XOM: summons 2 friendly demons
 10207 | D:8      | XOM: enchant monster (good)
 10323 | D:8      | XOM: vitrification
 10504 | D:8      | XOM: divination: detect creatures
 10680 | D:9      | Reached XP level 10. HP: 64/70 MP: 10/10
 11019 | D:9      | XOM: mild Necr miscast
 11164 | D:9      | XOM: swap weapons
 11191 | D:8      | XOM: potion effect (curing)
 11304 | D:9      | XOM: 1-stop teleportation journey
 11372 | D:9      | XOM: noise
 11668 | D:9      | Found a deep blue altar of Sif Muna.
 11829 | D:9      | Reached skill level 5 in Conjurations
 11902 | D:9      | XOM: chaos cloud
 12070 | D:9      | XOM: harmless Necr miscast
 12174 | D:9      | XOM: summons 3 hostile demons
 12383 | D:9      | Noticed Dowan
 12413 | D:9      | Noticed Duvessa
 12582 | D:9      | Killed Dowan
 12609 | D:9      | XOM: noise
 12617 | D:9      | XOM: polymorph orc -> goblin
 12693 | D:9      | XOM: 2-stop teleportation journey
 12744 | D:9      | XOM: blink monster(s)
 12757 | D:9      | XOM: scenery: 3 doors close
 12938 | D:9      | XOM: summons friendly quasit
 12951 | D:9      | Reached skill level 12 in Polearms
 13139 | D:9      | XOM: 5-stop teleportation journey
 13328 | D:9      | XOM: vitrification
 13611 | D:10     | Entered Level 10 of the Dungeon
 13671 | D:10     | XOM: vitrification
 13689 | D:10     | Found a runed door.
 13689 | D:10     | XOM: 6-stop teleportation journey
 13844 | D:10     | XOM: vitrification
 13933 | D:10     | Reached XP level 11. HP: 58/75 MP: 11/11
 13936 | D:10     | XOM: polymorph kobold -> orc
 14150 | D:10     | XOM: god gift: sedimented brown potion
 14201 | D:10     | XOM: god gift: hand crossbow {god gift}
 14257 | D:10     | Killed an unseen horror
 14521 | D:10     | XOM: god gift: glowing silver wand {god gift}
 14531 | D:10     | Found a runed door.
 14547 | D:10     | Found a runed door.
 14573 | D:10     | Found a runed door.
 14993 | D:10     | XOM is BORED!
 14993 | D:10     | XOM: medium Chrm miscast
 15052 | D:11     | XOM: enchant monster (bad)
 15218 | D:10     | XOM: vitrification
 15281 | D:11     | Noticed an eight-headed hydra
 15728 | D:10     | XOM: silly message
 15751 | D:10     | XOM: confusion (+ monsters)
 15757 | D:10     | XOM: potion effect (haste)
 15779 | D:10     | XOM: potion effect (might)
 16540 | D:8      | XOM: scenery: 1 doors close
 16548 | D:8      | XOM: cast spell 'Cause Fear'
 16557 | D:8      | Killed a komodo dragon
 16579 | Lair:1   | Entered Level 1 of the Lair of Beasts
 16696 | D:7      | XOM: divination: detect creatures
 16776 | D:7      | Killed Ijyb
 16935 | D:7      | Bought a book of Flames for 455 gold pieces
 16940 | D:7      | Learned a level 3 spell: Conjure Flame
 16964 | D:7      | Killed Joseph the mottled dragon
 17242 | Lair:1   | XOM: summons friendly shadow imp
 17728 | Lair:1   | XOM: colour smoke trail
 17781 | Lair:1   | Reached skill level 1 in Fire Magic
 18047 | Lair:2   | XOM: enchant monster (good)
 18122 | Lair:2   | Reached skill level 1 in Shields
 18150 | Lair:2   | XOM: divination: detect items
 18233 | Lair:2   | XOM: 2-stop teleportation journey
 18349 | Lair:2   | XOM: divine lightning (protected)
 18391 | Lair:2   | XOM: harmless Erth miscast
 19082 | Lair:2   | XOM: blink monster(s)
 19130 | Lair:2   | XOM: colour smoke trail
 19435 | Lair:2   | XOM: harmless Tloc miscast
 19484 | Lair:2   | Noticed Harold
 19504 | Lair:2   | XOM: fog
 19517 | Lair:2   | XOM: butterfly on damage
 19568 | Lair:1   | XOM: harmless Conj miscast
 19701 | Lair:3   | Noticed Gastronok
 19709 | Lair:3   | XOM: confuse monster(s)
 19741 | Lair:3   | XOM: swap monsters
 19747 | Lair:3   | Killed Gastronok
 19831 | Lair:3   | Learned a level 4 spell: Sticky Flame
 19845 | Lair:3   | XOM: harmless Hex miscast
 19891 | Lair:3   | XOM: cast spell 'Call Canine Familiar'
 20031 | Lair:3   | XOM: vitrification
 20173 | Lair:3   | XOM: divination: magic mapping
 20181 | Lair:3   | Reached skill level 1 in Spellcasting
 20442 | Lair:3   | XOM: divination: magic mapping
 20465 | Lair:3   | Reached XP level 12. HP: 81/81 MP: 11/15
 20638 | Lair:3   | XOM: god gift: runed glaive {god gift}
 20641 | Lair:3   | XOM: god gift: 3 meat rations
 20852 | Lair:3   | XOM: god gift: 56 gold pieces
 21022 | Lair:3   | XOM: summons friendly quasit
 21154 | Lair:3   | XOM: god gift: 8 gold pieces
 21182 | Lair:3   | XOM: divination: detect creatures
 21275 | Lair:3   | Noticed Rupert
 21286 | Lair:3   | XOM: fog
 21288 | Lair:3   | XOM: confuse monster(s)
 21296 | Lair:3   | Noticed Rupert
 21296 | Lair:3   | Rupert changed into Rupert the azure jelly
 21296 | Lair:3   | XOM: polymorph Rupert -> Rupert the azure jelly
 21299 | Lair:3   | Killed Rupert the azure jelly
 21378 | Lair:3   | XOM: colour smoke trail
 21511 | Lair:4   | Learned a level 5 spell: Fireball
 21549 | Lair:4   | Reached skill level 5 in Fire Magic
 21581 | Lair:4   | XOM: stat loss: -1 Int (17/18)
 21641 | Lair:4   | XOM: harmless Fire miscast
 21875 | Lair:4   | Found a staircase to the Snake Pit.
 22022 | Lair:4   | XOM: stat loss: -1 Dex (10/11)
 22063 | Lair:4   | XOM: harmless Chrm miscast
 22285 | Lair:4   | Found a staircase to the Swamp.
 22478 | Lair:4   | XOM: medium Erth miscast
 22553 | Lair:4   | XOM: medium Conj miscast
 23152 | Lair:5   | Noticed an eight-headed hydra
 23157 | Lair:5   | Killed an eight-headed hydra
 23471 | Lair:5   | XOM: medium Hex miscast
 23478 | Lair:5   | Reached skill level 10 in Conjurations
 23579 | Lair:5   | XOM: medium Hex miscast
 23598 | Lair:5   | Noticed Nergalle
 23611 | Lair:5   | XOM: noise
 23675 | Lair:5   | Killed Nergalle
 24466 | Lair:6   | Noticed a six-headed hydra
 24508 | Lair:6   | Killed a six-headed hydra
 24777 | Lair:5   | Reached XP level 13. HP: 69/86 MP: 19/24
 24851 | Lair:6   | XOM: confuse monster(s)
 24928 | Lair:6   | Reached skill level 5 in Spellcasting
 24947 | Lair:6   | XOM: noise
 24960 | Lair:6   | XOM: summons friendly white imp
 25669 | Lair:7   | XOM: mild Ice miscast
 25693 | Lair:7   | XOM: colour smoke trail
 26358 | Lair:7   | XOM: cast spell 'Blink'
 26377 | Lair:7   | XOM: divination: detect items
 26378 | Lair:7   | XOM: silly message
 26384 | Lair:7   | XOM: divination: detect items
 26778 | Lair:7   | XOM: harmless Hex miscast
 26801 | Lair:7   | XOM: harmless Hex miscast
 26899 | Lair:7   | Reached skill level 1 in Dodging
 26912 | Lair:7   | XOM: potion effect (brilliance)
 26937 | Lair:7   | Reached skill level 1 in Stealth
 27105 | Lair:7   | XOM: cast spell 'Blink'
 27222 | Lair:7   | XOM: god gift: 5 tomahawks of returning
 27404 | Lair:7   | XOM: colour smoke trail
 27523 | Lair:7   | XOM: god gift: runed rapier {god gift}
 27579 | Lair:8   | Entered Level 8 of the Lair of Beasts
 27596 | Lair:8   | XOM: potion effect (curing)
 27706 | Lair:8   | XOM: divination: magic mapping
 27714 | Lair:8   | XOM: blink monster(s)
 27886 | Lair:8   | XOM: confuse monster(s)
 27953 | Lair:8   | XOM: cast spell 'Olgreb's Toxic Radiance'
 27961 | Lair:8   | XOM: confuse monster(s)
 27970 | Lair:8   | XOM: cast spell 'Cause Fear'
 27971 | Lair:8   | XOM: blink monster(s)
 27977 | Lair:8   | XOM: harmless Summ miscast
 28002 | Lair:8   | XOM: blink monster(s)
 28269 | Lair:8   | XOM: enchant monster (bad)
 28338 | Lair:8   | XOM: medium Hex miscast
 28580 | Lair:8   | XOM: 3-stop teleportation journey
 28626 | Lair:8   | XOM: confuse monster(s)
 28695 | Lair:8   | XOM: enchant monster (good)
 28936 | Lair:8   | XOM: vitrification
 29081 | Lair:8   | Found a runed door.
 29082 | Lair:8   | Found a viscous altar of Jiyva.
 29084 | Lair:8   | Found a staircase to the Slime Pits.
 29085 | Lair:8   | XOM: 2-stop teleportation journey
 29260 | Lair:8   | XOM: god gift: spear {god gift}
 29265 | Lair:8   | XOM: summons 13 friendly demons
 29270 | Lair:8   | Reached XP level 14. HP: 96/96 MP: 22/27
 29400 | Lair:8   | XOM: colour smoke trail
 29415 | Lair:8   | XOM: noise
 29427 | Lair:8   | Reached skill level 5 in Fighting
 29743 | Lair:8   | XOM: mild Fire miscast
 29851 | Lair:8   | XOM: harmless Erth miscast
 29852 | Lair:8   | XOM: harmless Summ miscast
 29866 | Lair:8   | XOM: chaos cloud
 29985 | Lair:8   | XOM: silly message
 30039 | Lair:8   | XOM: confusion
 30044 | Lair:8   | XOM: polymorph death yak -> death yak
 30051 | Lair:8   | Xom revived you
 30056 | Lair:8   | XOM: summons friendly quasit
 30160 | Lair:8   | XOM: harmless Pois miscast
 30235 | Lair:8   | XOM: divination: detect creatures
 30305 | Lair:8   | XOM: summons 5 hostile shadow creatures
 30680 | Lair:5   | XOM: snakes to sticks
 31038 | D:11     | Reached skill level 5 in Dodging
 31221 | D:11     | Killed an eight-headed hydra
 31238 | D:11     | XOM: noise
 31245 | D:11     | XOM: enchant monster (bad)
 31328 | D:11     | XOM is BORED!
 31328 | D:11     | XOM: mild Hex miscast
 31340 | D:11     | XOM: summons 3 hostile shadow creatures
 31341 | D:11     | XOM: medium Hex miscast
 31347 | D:11     | XOM: noise
 31475 | D:11     | Got a shimmering garnet amulet
 31475 | D:11     | XOM: stat loss: -1 Dex (10/11)
 31487 | D:11     | Identified the amulet "Tifih" {Gourm Int+2 Dex+1 Stlth+} (You found it on level 11 of the Dungeon)
 31515 | D:11     | Noticed Psyche
 31525 | D:11     | Killed Psyche
 31528 | D:11     | XOM: colour smoke trail
 31539 | D:11     | Noticed a six-headed hydra
 31548 | D:11     | a six-headed hydra changed into a catoblepas
 31548 | D:11     | XOM: polymorph six-headed hydra -> catoblepas
 31561 | D:11     | XOM: cast spell 'Discord'
 31718 | D:11     | Killed an unseen horror
 31889 | D:11     | XOM: harmless Chrm miscast
 32656 | D:12     | XOM: enchant monster (good)
 32818 | D:12     | Noticed a sphinx
 32830 | D:12     | Killed a sphinx
 32943 | D:12     | Found a staircase to the Orcish Mines.
 33106 | D:12     | XOM: 2-stop teleportation journey
 33504 | D:12     | XOM: god gift: scroll of blinking
 33602 | D:12     | XOM: noise
 33652 | D:13     | XOM is BORED!
 33652 | D:13     | XOM: blink monster(s)
 33656 | D:13     | XOM: god gift: 19 arrows of frost
 33697 | D:13     | Found a portal to a secret trove of treasure.
 33792 | D:13     | XOM: god gift: sapphire ring {god gift}
 33797 | D:13     | Reached skill level 5 in Armour
 33904 | D:13     | XOM: 4-stop teleportation journey
 33913 | D:13     | XOM: confuse monster(s)
 33916 | D:13     | XOM: 7-stop teleportation journey
 33963 | D:13     | XOM: summons 7 friendly demons
 34023 | D:13     | Found a gate to the Vaults.
 34099 | D:13     | XOM: fog
 34199 | D:13     | XOM: 1-stop teleportation journey
 34269 | D:13     | XOM: noise
 34274 | D:13     | XOM: mild Ice miscast
 34334 | D:13     | XOM: confuse monster(s)
 34338 | D:13     | XOM: summons 2 friendly demons
 34727 | D:14     | XOM: polymorph hill giant -> faun
 34847 | D:13     | XOM: silly message
 34883 | D:13     | XOM: polymorph slime creature -> faun
 35021 | D:14     | XOM: enchant monster (good)
 35025 | D:14     | Noticed Snorg
 35031 | D:13     | XOM: god gift: pair of gloves {god gift}
 35073 | D:13     | XOM: polymorph jelly -> giant mite
 35169 | D:13     | XOM: divination: detect creatures
 35280 | D:14     | Reached XP level 15. HP: 112/112 MP: 21/28
 35441 | D:14     | Noticed Azrael
 35456 | D:14     | XOM: noise
 35467 | D:14     | XOM: divination: magic mapping
 35486 | D:14     | Killed Azrael
 35988 | D:14     | XOM: cast spell 'Olgreb's Toxic Radiance'
 36097 | D:13     | XOM: mild Hex miscast
 36180 | D:14     | XOM: divination: detect items
 36181 | D:14     | XOM: smoke on damage
 36196 | D:14     | XOM: medium Divn miscast
 36283 | D:14     | XOM: enchant monster (good)
 36518 | D:12     | XOM: enchant monster (bad)
 36533 | Orc:1    | Entered Level 1 of the Orcish Mines
 37117 | Orc:1    | XOM: god gift: scroll of blinking
 37199 | Orc:2    | Found Klyozxy's Antique Weapon Emporium.
 37282 | Orc:2    | XOM: 1-stop teleportation journey
 37429 | Orc:2    | XOM: colour smoke trail
 37582 | Orc:3    | Found a staircase to the Elven Halls.
 37586 | Orc:3    | XOM: noise
 37589 | Orc:3    | XOM: potion effect (curing)
 37763 | Orc:3    | XOM: confuse monster(s)
 37788 | Orc:3    | XOM: divination: detect items
 38372 | Orc:3    | Found Qonifilo's Gadget Shop.
 38435 | Orc:4    | Entered Level 4 of the Orcish Mines
 38435 | Orc:4    | Noticed Urug
 38774 | Orc:2    | Found a roughly hewn altar of Beogh.
 38859 | Orc:4    | Found a roughly hewn altar of Beogh.
 38870 | Orc:4    | Upgraded the game from 0.16-a0-2710-g8b41a68 to 0.16-a0-2755-gf4312ef
 38878 | Orc:4    | XOM: cast spell 'Dispersal'
 38881 | Orc:4    | XOM: silly message
 39009 | Orc:4    | XOM: silly message
 39016 | Orc:4    | XOM: divination: detect items
 39020 | Orc:3    | XOM: silly message
 39033 | Orc:3    | Killed Urug
 39160 | Orc:4    | XOM: silly message
 39286 | Orc:3    | XOM: harmless Tloc miscast
 39338 | Orc:4    | XOM: harmless Summ miscast
 39459 | Orc:4    | XOM: harmless Hex miscast
 39491 | Orc:4    | XOM: potion effect (haste)
 39492 | Orc:4    | XOM: enchant monster (bad)
 39539 | Orc:4    | XOM: harmless Fire miscast
 39546 | Orc:4    | XOM: enchant monster (bad)
 39554 | Orc:4    | XOM: mild Summ miscast
 39864 | Orc:4    | Noticed Fannar
 39864 | Orc:4    | XOM: destruction
 39870 | Orc:4    | XOM: cast spell 'Blink'
 39874 | Orc:4    | Killed Fannar
 40035 | Orc:4    | Found Enoamm Dirr's Antique Weapon Shop.
 40035 | Orc:4    | Found Jeatec's Weapon Boutique.
 40039 | Orc:4    | Found Plog's Jewellery Shop.
 40039 | Orc:4    | Found Erasoan's Antique Weapon Boutique.
 40042 | Orc:4    | XOM: vitrification
 40046 | Orc:4    | Bought an uncursed amulet of clarity for 240 gold pieces
 40051 | Orc:4    | Bought a scorched trident for 272 gold pieces
 40054 | Orc:4    | Identified the +8 trident of Scorn {pain, rF+} (You bought it in a shop on level 4 of the Orcish Mines)
 40421 | Orc:4    | Bought an uncursed ring of see invisible for 180 gold pieces
 40593 | D:8      | XOM: mild Tloc miscast
 40622 | D:7      | Bought a book of Death for 910 gold pieces
 40626 | D:7      | Learned a level 2 spell: Corpse Rot
 40956 | D:14     | XOM: potion effect (haste)
 40960 | D:14     | Reached skill level 1 in Necromancy
 40997 | D:14     | XOM: destruction
 41141 | D:14     | Noticed Snorg
 41141 | D:14     | Snorg changed into Snorg the wind drake
 41141 | D:14     | XOM: polymorph Snorg -> Snorg the wind drake
 41143 | D:14     | Snorg the wind drake changed into Snorg the draconian
 41729 | D:14     | XOM: god gift: robe {god gift}
 41766 | D:15     | Entered Level 15 of the Dungeon
 41936 | D:15     | XOM: cast spell 'Warp Weapon'
 42240 | D:15     | Noticed Roxanne
 42253 | D:15     | Found Deshren's Distillery.
 42274 | D:15     | XOM: 3-stop teleportation journey
 42283 | D:15     | XOM: god gift: chunky book {god gift}
 42453 | D:15     | Reached skill level 13 in Polearms
 42543 | D:15     | XOM: polymorph seven-headed hydra -> ice dragon
 42662 | D:15     | Found a staircase to the Depths.
 42702 | D:15     | XOM: enchant monster (good)
 42713 | D:15     | XOM: 2-stop teleportation journey
 42814 | D:15     | XOM: mild Divn miscast
 42848 | D:15     | XOM: 4-stop teleportation journey
 42900 | D:15     | Reached skill level 5 in Necromancy
 43170 | D:15     | XOM: silly message
 43395 | D:8      | XOM: vitrification
 43572 | Lair:5   | XOM: harmless Tloc miscast
 43664 | Lair:8   | Reached XP level 16. HP: 120/120 MP: 24/28
 43936 | Lair:8   | XOM: medium Ice miscast
 44407 | Swamp:1  | Entered Level 1 of the Swamp
 44426 | Swamp:1  | Learned a level 5 spell: Bolt of Draining
 44499 | Swamp:1  | XOM: colour smoke trail
 44859 | Swamp:1  | XOM: 2-stop teleportation journey
 45195 | Swamp:1  | XOM: enchant monster (good)
 45419 | Swamp:1  | XOM: harmless Erth miscast
 45659 | Swamp:2  | XOM: divination: detect creatures
 45947 | Swamp:2  | XOM: potion effect (might)
 45969 | Swamp:2  | XOM: potion effect (haste)
 46251 | Swamp:2  | XOM: blink monster(s)
 46276 | Swamp:2  | XOM: 4-stop teleportation journey
 46299 | Swamp:2  | XOM: god gift: dog-eared papyrus book {god gift}
 46308 | Swamp:2  | Learned a level 4 spell: Animate Dead
 46365 | Swamp:2  | Identified a scroll of acquirement
 46566 | Swamp:2  | XOM: cast spell 'Flight'
 46619 | Swamp:2  | XOM: god gift: 4 large rocks
 46650 | Swamp:2  | XOM: destruction
 46651 | Swamp:2  | XOM: harmless Conj miscast
 46661 | Swamp:2  | XOM: destruction
 46662 | Swamp:2  | XOM: noise
 46709 | Swamp:2  | XOM: chaos cloud
 46713 | Swamp:2  | Paralysed by you for 7 turns
 46723 | Swamp:2  | XOM: harmless Tloc miscast
 46968 | Swamp:2  | XOM: chaos cloud
 47443 | Snake:1  | Entered Level 1 of the Snake Pit
 47708 | Snake:1  | XOM: harmless Chrm miscast
 47848 | Snake:1  | XOM: colour smoke trail
 47943 | Snake:1  | XOM: harmless Summ miscast
 48184 | Snake:1  | XOM: polymorph naga -> blink frog
 48190 | Snake:1  | XOM: summons 4 hostile demons
 48212 | Snake:1  | Got a faintly glowing graven amulet
 48217 | Snake:1  | Identified the amulet "Onuikis" {Ward rN+ Int+3 Slay+4} (You found it on level 1 of the Snake Pit)
 48397 | Snake:1  | XOM: chaos cloud
 48417 | Snake:1  | XOM: mild Summ miscast
 48492 | Snake:1  | XOM: colour smoke trail
 48838 | Snake:2  | Noticed Vashnia
 48999 | Snake:2  | XOM: harmless Chrm miscast
 49267 | Snake:2  | XOM: medium Necr miscast
 49301 | Snake:2  | Killed Vashnia
 49435 | Snake:2  | Got a distressingly furry leather armour
 49436 | Snake:2  | Identified the +1 leather armour of Sif Muna's Regard {+Inv SInv} (You acquired it on level 2 of the Snake Pit)
 49482 | Snake:2  | XOM: colour smoke trail
 49584 | Snake:2  | XOM: polymorph anaconda -> ice dragon
 49772 | Snake:2  | XOM: stat loss: -1 Dex (10/11)
 49881 | Snake:2  | XOM: confuse monster(s)
 50116 | Snake:2  | Reached skill level 10 in Necromancy
 50276 | Snake:2  | XOM: fog
 50322 | Snake:2  | XOM: enchant monster (good)
 50337 | Snake:2  | Reached XP level 17. HP: 102/126 MP: 16/29
 50342 | Snake:2  | XOM: god gift: bread ration
 50418 | Snake:2  | XOM: 5-stop teleportation journey
 50680 | Snake:2  | Found Qugolarojo's Assorted Antiques.
 50680 | Snake:2  | XOM: confuse monster(s)
 50740 | Snake:2  | Bought a moonstone ring for 115 gold pieces
 50740 | Snake:2  | Bought a paperback book for 345 gold pieces
 50744 | Snake:2  | XOM: god gift: potion of invisibility
 50768 | Snake:2  | XOM: god gift: 420 gold pieces
 50920 | Snake:3  | Reached skill level 14 in Polearms
 51648 | Snake:3  | XOM: 1-stop teleportation journey
 51677 | Snake:3  | XOM: enchant monster (good)
 51679 | Snake:3  | Reached skill level 10 in Fighting
 52867 | Snake:4  | XOM: medium Pois miscast
 53030 | Snake:4  | XOM: god gift: crooked smoking staff {god gift}
 53438 | Snake:4  | Noticed Aizul
 53438 | Snake:4  | XOM: summons friendly crimson imp
 53449 | Snake:4  | Killed Aizul
 53903 | Snake:4  | XOM: silly message
 53994 | Snake:5  | Entered Level 5 of the Snake Pit
 54262 | Snake:5  | XOM: fake destruction
 54265 | Snake:4  | XOM: god gift: scimitar {god gift}
 54464 | Snake:5  | XOM: polymorph mana viper -> death drake
 54511 | Snake:4  | XOM: mild Conj miscast
 55156 | D:9      | Learned a level 3 spell: Flight
 55244 | Lair:1   | XOM: god gift: bread ration
 55490 | Snake:3  | XOM: god gift: robe {god gift}
 55633 | Snake:5  | Reached skill level 1 in Evocations
 55844 | Snake:5  | Reached skill level 1 in Air Magic
 55873 | Snake:5  | XOM: polymorph salamander -> black mamba
 56112 | Snake:5  | Noticed Jorgrun
 56415 | Snake:5  | XOM: smoke on damage
 56572 | Snake:5  | Killed Jorgrun
 57107 | Snake:5  | XOM: divination: detect creatures
 57628 | Snake:5  | XOM: enchant monster (good)
 57637 | Snake:5  | XOM: swap weapons
 57976 | Snake:5  | XOM: summons friendly shadow imp
 58093 | Snake:5  | XOM: god gift: 24 stones
 58413 | Snake:5  | XOM: harmless Hex miscast
 58656 | Snake:5  | Reached XP level 18. HP: 140/140 MP: 30/30
 58861 | Snake:5  | Reached skill level 5 in Air Magic
 58868 | Snake:5  | XOM: confuse monster(s)
 58869 | Snake:5  | XOM: potion effect (magic)
 58919 | Snake:5  | Got a serpentine rune of Zot
 59277 | Swamp:3  | XOM: confuse monster(s)
 59735 | Swamp:3  | XOM: vitrification
 59844 | Swamp:3  | XOM is BORED!
 59844 | Swamp:3  | XOM: medium Pois miscast
 60135 | Swamp:4  | XOM: summons 3 friendly demons
 60830 | Swamp:4  | Reached skill level 5 in Evocations
 61005 | Swamp:4  | XOM: silly message
 61020 | Swamp:4  | Noticed Kirke
 61024 | Swamp:4  | XOM: enchant monster (good)
 61030 | Swamp:4  | Killed Kirke
 61034 | Swamp:4  | XOM: summons friendly iron imp
 61329 | Swamp:4  | Your ally Kirke died
 61393 | Swamp:5  | Entered Level 5 of the Swamp
 62070 | Swamp:5  | XOM: enchant monster (good)
 62426 | Swamp:4  | XOM: god gift: glowing shield {god gift}
 62633 | Swamp:5  | XOM: silly message
 62654 | Swamp:5  | XOM: divination: detect creatures
 62697 | Swamp:5  | XOM: colour smoke trail
 62897 | Swamp:4  | XOM: colour smoke trail
 63036 | Swamp:5  | XOM: harmless Necr miscast
 63051 | Swamp:5  | Noticed Donald
 63174 | Swamp:5  | Killed Donald
 63206 | Swamp:5  | XOM: colour smoke trail
 63400 | Swamp:5  | XOM: potion effect (heal wounds)
 63609 | Swamp:5  | Got a decaying rune of Zot
 63983 | Orc:3    | Bought a stone of tremors for 560 gold pieces
 63983 | Orc:3    | Bought a lamp of fire for 560 gold pieces
 64000 | Elf:1    | Entered Level 1 of the Elven Halls
 64011 | Elf:1    | XOM: destruction
 64101 | Elf:1    | Found a radiant altar of Vehumet.
 64178 | Elf:1    | XOM: scenery: create altars
 64186 | Elf:1    | Got a slimy spear
 64191 | Elf:1    | Identified the +9 spear of Virtue {pierce, +Inv rC+} (You found it on level 1 of the Elven Halls)
 64450 | Elf:1    | Noticed Josephine
 64459 | Elf:1    | Killed Josephine
 64550 | Elf:1    | XOM: colour smoke trail
 64591 | Elf:1    | XOM: harmless Divn miscast
 64747 | Elf:1    | Found Thuant's Jewellery Boutique.
 64754 | Elf:1    | You fall through a shaft!
 64778 | Elf:1    | XOM: divination: detect items
 64820 | Elf:1    | Noticed Agnes
 64827 | Elf:1    | Killed Agnes
 65008 | Elf:1    | XOM: 1-stop teleportation journey
 65010 | Elf:1    | XOM: silly message
 65046 | Elf:1    | Your ally Agnes died
 65060 | Elf:1    | XOM: cast spell 'Cause Fear'
 65079 | Elf:1    | XOM: vitrification
 65608 | Elf:1    | XOM: 3-stop teleportation journey
 65826 | Elf:1    | XOM: 7-stop teleportation journey
 65891 | Elf:1    | Identified the Papyrus of Scorching Attacks
 66211 | Elf:2    | XOM: fog
 66275 | Elf:1    | Your ally Josephine died
 66468 | Elf:2    | XOM: destruction
 66690 | Elf:2    | Reached skill level 10 in Dodging
 66724 | Elf:2    | XOM: harmless Tloc miscast
 66799 | Elf:2    | Reached XP level 19. HP: 150/150 MP: 31/31
 67032 | Elf:2    | XOM: 1-stop teleportation journey
 67475 | Elf:2    | XOM: fog
 67507 | Elf:2    | XOM: cast spell 'Discord'
 67594 | Elf:2    | Found a runed gate.
 67594 | Elf:2    | Found a runed gate.
 67594 | Elf:2    | Found a runed gate.
 67844 | Elf:2    | XOM: summons friendly ufetubus
 67875 | Elf:2    | XOM: scenery: 1 doors close
 68139 | Vaults:1 | Entered Level 1 of the Vaults
 68176 | Vaults:1 | XOM: fake destruction
 68541 | Vaults:1 | XOM: divination: detect creatures
 68915 | Vaults:1 | XOM: summons 4 friendly demons
 68916 | Vaults:1 | XOM: enchant monster (bad)
 68928 | Vaults:1 | XOM: destruction
 68936 | Vaults:1 | XOM: polymorph hill giant -> deep troll
 69081 | D:13     | XOM: mild Hex miscast
 69308 | Vaults:1 | Noticed Nikola
 69319 | Vaults:1 | Killed Nikola
 69469 | Vaults:1 | XOM: harmless Ice miscast
 69810 | Vaults:1 | XOM: harmless Chrm miscast
 70028 | Vaults:1 | XOM: harmless Conj miscast
 70271 | Vaults:1 | Found Thraseosm's Assorted Antiques.
 70280 | Vaults:1 | Bought a triangular fluorescent amulet for 145 gold pieces
 70381 | Vaults:1 | XOM: divination: detect creatures
 70916 | Vaults:2 | XOM: divination: magic mapping
 71044 | Vaults:2 | Noticed Mara
 71280 | Vaults:2 | XOM: harmless Tloc miscast
 71479 | Vaults:3 | XOM: fog
 71745 | Vaults:3 | XOM: scenery: 1 doors close
 71886 | Vaults:3 | Found Sotiqiq's Assorted Antiques.
 71940 | Vaults:3 | Found Chemus' Assorted Antiques.
 71940 | Vaults:3 | XOM: 5-stop teleportation journey
 71982 | Vaults:2 | XOM: divination: detect items
 72452 | Vaults:1 | XOM: colour smoke trail
 72695 | Elf:1    | Bought the ring "Difa" {AC+3 Str+5 Int+2} for 512 gold pieces
 72884 | Vaults:1 | XOM: colour smoke trail
 72919 | Vaults:1 | XOM: silly message
 73094 | Vaults:3 | XOM: summons 11 friendly demons
 73249 | Vaults:3 | XOM: silly message
 73332 | Vaults:3 | Bought a jewelled ivory wand for 80 gold pieces
 73384 | Vaults:3 | XOM: harmless Divn miscast
 73385 | Vaults:3 | XOM: divination: detect creatures
 73389 | Vaults:3 | XOM: potion effect (haste)
 73392 | Vaults:3 | XOM: divination: detect items
 73401 | Vaults:3 | XOM: summons friendly shadow imp
 73436 | Vaults:3 | Reached skill level 10 in Fire Magic
 73600 | Vaults:3 | Found Eqomus' Assorted Antiques.
 73670 | Vaults:3 | Found Thyomay's Jewellery Emporium.
 73673 | Vaults:3 | Found Ishriric's Gadget Shoppe.
 73715 | Vaults:3 | XOM: 10-stop teleportation journey
 73829 | Vaults:3 | Found a staircase to the Crypt.
 73857 | Vaults:3 | XOM: enchant monster (good)
 73898 | Vaults:3 | Reached XP level 20. HP: 159/159 MP: 1/34
 73927 | Vaults:3 | XOM: scenery: 1 doors close
 73991 | Vaults:3 | XOM: harmless Chrm miscast
 74087 | Vaults:3 | XOM: god gift: 8 arrows of dispersal
 74143 | Vaults:3 | Paralysed by a great orb of eyes for 6 turns
 74148 | Vaults:3 | XOM: confuse monster(s)
 74265 | Vaults:3 | XOM: scenery: 1 doors close
 74347 | Vaults:3 | XOM: scenery: 3 doors close
 74586 | Vaults:3 | XOM: noise
 74614 | Vaults:3 | Cast into the Abyss (a lich)
 74652 | Abyss:1  | Got a sparkling lead amulet
 74664 | Abyss:1  | Identified the amulet of Megalomania {rCorr Int+3} (You found it on level 1 of the Abyss)
 74871 | Abyss:1  | XOM: harmless Necr miscast
 74902 | Abyss:1  | XOM: harmless Necr miscast
 75005 | Abyss:1  | XOM: harmless Fire miscast
 75013 | Abyss:1  | XOM: medium Chrm miscast
 75059 | Abyss:1  | XOM: enchant monster (good)
 75063 | Abyss:1  | XOM: polymorph large abomination -> unborn
 75426 | Abyss:1  | XOM: harmless Chrm miscast
 75457 | Abyss:1  | XOM: summons friendly white imp
 75518 | Abyss:1  | XOM: potion effect (brilliance)
 75539 | Abyss:1  | XOM: confuse monster(s)
 75756 | Abyss:1  | XOM: cast spell 'Discord'
 75791 | Abyss:1  | XOM: mild Trmt miscast
 75872 | Abyss:1  | XOM: noise
 75935 | Abyss:1  | XOM: chaos cloud
 76053 | Abyss:1  | XOM: silly message
 76260 | Abyss:1  | XOM: confuse monster(s)
 76313 | Abyss:2  | XOM: fog
 76364 | Abyss:2  | XOM: cast spell 'Metabolic Englaciation'
 76376 | Abyss:2  | XOM: confuse monster(s)
 76383 | Abyss:2  | XOM: potion effect (haste)
 76384 | Abyss:2  | XOM: summons 5 friendly demons
 76391 | Abyss:2  | XOM: fog
 76451 | Abyss:2  | Reached skill level 10 in Armour
 76469 | Abyss:2  | XOM: harmless Ice miscast
 76547 | Abyss:2  | XOM: enchant monster (bad)
 76554 | Abyss:2  | Paralysed by accursed screaming for 1 turns
 76674 | Abyss:2  | XOM: enchant monster (good)
 76933 | Abyss:2  | XOM: blink monster(s)
 76950 | Abyss:2  | XOM: confuse monster(s)
 76962 | Abyss:2  | XOM: enchant monster (good)
 77050 | Abyss:2  | XOM: noise
 77205 | Abyss:2  | XOM: fog
 77271 | Abyss:2  | Found a corrupted altar of Lugonu.
 77271 | Abyss:2  | Found a deep blue altar of Sif Muna.
 77378 | Abyss:2  | XOM: colour smoke trail
 77461 | Abyss:3  | XOM: potion effect (agility)
 77645 | Abyss:3  | XOM: confuse monster(s)
 77711 | Abyss:3  | XOM: cast spell 'Blink'
 77815 | Abyss:3  | XOM: enchant monster (bad)
 77836 | Abyss:3  | XOM: polymorph iron imp -> shadow imp
 77946 | Abyss:3  | Found a corrupted altar of Lugonu.
 78099 | Abyss:3  | XOM: enchant monster (bad)
 78121 | Abyss:3  | XOM: noise
 78372 | Abyss:3  | XOM: blink monster(s)
 78426 | Abyss:3  | Found a shadowy altar of Dithmenos.
 78427 | Abyss:3  | Found a corrupted altar of Lugonu.
 78442 | Abyss:3  | XOM: enchant monster (bad)
 78539 | Abyss:3  | XOM: noise
 78637 | Abyss:3  | Reached skill level 15 in Fighting
 78851 | Abyss:3  | XOM: harmless Erth miscast
 78872 | Abyss:3  | XOM: polymorph smoke demon -> chaos spawn
 78929 | Abyss:3  | XOM: noise
 78952 | Vaults:3 | Escaped the Abyss
 78955 | Vaults:3 | XOM: silly message
 78979 | Vaults:3 | XOM: silly message
 79171 | Vaults:3 | Bought a slimy helmet for 361 gold pieces
 79182 | Vaults:3 | Identified the +4 helmet "Bleucaituf" {MR+} (You bought it in a shop on level 3 of the Vaults)
 79216 | Vaults:4 | XOM: potion effect (heal wounds)
 79217 | Vaults:4 | XOM: potion effect (brilliance)
 79226 | Vaults:4 | XOM: potion effect (invisibility)
 79227 | Vaults:4 | XOM: potion effect (invisibility)
 79648 | Vaults:4 | XOM: potion effect (curing)
 79686 | Vaults:4 | XOM: divination: detect creatures
 79687 | Vaults:4 | XOM: swap monsters
 79703 | Vaults:4 | XOM: potion effect (magic)
 79719 | Vaults:4 | XOM: divination: detect items
 79777 | Vaults:3 | XOM: enchant monster (good)
 79885 | Vaults:3 | XOM: colour smoke trail
 79984 | Vaults:4 | XOM: divination: detect creatures
 80112 | Vaults:4 | XOM: polymorph ogre -> swamp drake
 80115 | Vaults:4 | XOM: confuse monster(s)
 80119 | Vaults:4 | Upgraded the game from 0.16-a0-2755-gf4312ef to 0.16-a0-2818-g1ef6e07
 80192 | Vaults:4 | XOM: 1-stop teleportation journey
 80203 | Vaults:4 | Reached XP level 21. HP: 126/169 MP: 7/35
 80283 | Vaults:4 | XOM: summons friendly iron imp
 80292 | Vaults:4 | XOM: confuse monster(s)
 80653 | Vaults:4 | XOM: mild Pois miscast
 80675 | Vaults:4 | XOM: 1-stop teleportation journey
 80951 | Vaults:4 | XOM: summons 2 hostile shadow creatures
 81140 | Vaults:4 | XOM: stat loss: -1 Str (19/20)
 81271 | Vaults:4 | Identified the Collected Works on Arcane Weapons
 81324 | Vaults:4 | Found Pleniw's Assorted Antiques.
 81577 | Vaults:4 | XOM: colour smoke trail
 81913 | Vaults:4 | XOM: harmless Divn miscast
 81958 | Vaults:4 | XOM: harmless Conj miscast
 81997 | Vaults:4 | XOM: summons friendly iron imp
 82000 | Vaults:4 | XOM: confuse monster(s)
 82013 | Vaults:4 | Reached skill level 10 in Air Magic
 82142 | Vaults:4 | XOM: silly message
 82299 | Vaults:3 | Learned a level 5 spell: Dispel Undead
 82412 | Crypt:1  | Entered Level 1 of the Crypt
 82466 | Crypt:1  | XOM: cast spell 'Metabolic Englaciation'
 82476 | Crypt:1  | XOM: summons friendly ufetubus
 82489 | Crypt:1  | XOM: fog
 82732 | Crypt:1  | XOM: summons 3 friendly demons
 82911 | Crypt:1  | XOM: colour smoke trail
 83162 | Crypt:1  | XOM: summons friendly shadow imp
 83215 | Crypt:1  | XOM: confuse monster(s)
 83233 | Crypt:1  | XOM: cast spell 'Summon Hydra'
 83299 | Vaults:3 | Bought a spiked helmet for 190 gold pieces
 83300 | Vaults:3 | Identified the cursed -4 helmet of the Sun {rPois} (You bought it in a shop on level 3 of the Vaults)
 83467 | Crypt:1  | XOM: harmless Necr miscast
 83468 | Crypt:1  | XOM: confuse monster(s)
 83679 | Vaults:3 | XOM: colour smoke trail
 83703 | Crypt:1  | XOM: summons 14 friendly demons
 83849 | Crypt:1  | XOM: god gift: thin smoking staff {god gift}
 83924 | Crypt:1  | XOM: harmless Summ miscast
 84132 | Crypt:1  | XOM: harmless Divn miscast
 84139 | Crypt:1  | XOM: potion effect (heal wounds)
 84154 | Crypt:1  | XOM: confuse monster(s)
 84164 | Crypt:1  | XOM: colour smoke trail
 84239 | Crypt:1  | XOM: harmless Erth miscast
 84530 | Crypt:1  | XOM: divination: detect items
 84766 | Crypt:1  | XOM: vitrification
 84772 | Crypt:1  | XOM: confuse monster(s)
 84944 | Crypt:2  | Found an ancient bone altar of Kikubaaqudgha.
 85041 | Crypt:2  | XOM: summons friendly shadow imp
 85060 | Crypt:1  | XOM: potion effect (heal wounds)
 85065 | Crypt:1  | XOM: summons 6 friendly demons
 85167 | Crypt:2  | XOM: summons friendly shadow imp
 85206 | Crypt:1  | Learned a level 2 spell: Repel Missiles
 85209 | Crypt:1  | Learned a level 2 spell: Swiftness
 85264 | Crypt:1  | XOM: noise
 85512 | Crypt:2  | XOM: divination: magic mapping
 85787 | Crypt:2  | XOM: 1-stop teleportation journey
 85816 | Crypt:1  | XOM: harmless Fire miscast
 85909 | Crypt:2  | XOM: blink monster(s)
 86216 | Crypt:1  | XOM: chaos cloud
 86226 | Crypt:1  | XOM: confuse monster(s)
 86389 | Crypt:2  | XOM: noise
 86425 | Crypt:2  | XOM: summons friendly iron imp
 86462 | Crypt:1  | XOM: colour smoke trail
 86556 | Crypt:1  | XOM: vitrification
 86884 | Crypt:2  | XOM: silly message
 87194 | Crypt:2  | XOM: 2-stop teleportation journey
 87334 | Crypt:2  | Found an ancient bone altar of Kikubaaqudgha.
 87652 | Crypt:2  | XOM: summons 2 friendly demons
 87809 | Crypt:3  | Entered Level 3 of the Crypt
 87811 | Crypt:3  | XOM: enchant monster (bad)
 87845 | Crypt:3  | XOM: noise
 87923 | Crypt:3  | XOM: blink monster(s)
 87942 | Crypt:3  | XOM: noise
 87945 | Crypt:3  | XOM: enchant monster (bad)
 87975 | Crypt:2  | XOM: mild Hex miscast
 88239 | Crypt:3  | XOM: 7-stop teleportation journey
 88245 | Crypt:3  | Reached XP level 22. HP: 164/176 MP: 35/35
 88371 | Crypt:3  | XOM: divination: detect creatures
 88713 | Crypt:3  | XOM: 3-stop teleportation journey
 88720 | Crypt:3  | Found a staircase to the Tomb.
 88800 | Crypt:3  | XOM: divination: detect items
 88807 | Crypt:3  | XOM: harmless Conj miscast
 88857 | Crypt:3  | Got a faintly glowing copper ring
 88857 | Crypt:3  | Got a faintly glowing granite ring
 88857 | Crypt:3  | Got a smoking bone ring
 88874 | Crypt:3  | Identified the ring "Psacodoz" {rN+ Str+3 Dex+2} (You found it on level 3 of the Crypt)
 88875 | Crypt:3  | Identified the ring of Bummoapn {+Rage rPois rN+} (You found it on level 3 of the Crypt)
 88876 | Crypt:3  | Identified the ring of Nemelex Xobeh's Fury {-Tele rN+ Dex+2} (You found it on level 3 of the Crypt)
 88993 | Crypt:3  | XOM: mild Chrm miscast
 89007 | Crypt:3  | XOM: medium Erth miscast
 89050 | Crypt:3  | XOM: blink monster(s)
 89220 | Crypt:3  | XOM: enchant monster (good)
 89364 | Crypt:3  | XOM: scenery: 2 doors close
 89385 | Crypt:3  | XOM: confuse monster(s)
 89475 | Crypt:3  | XOM: silly message
 89476 | Crypt:3  | XOM: enchant monster (good)
 89843 | Vaults:2 | XOM: confuse monster(s)
 90067 | Orc:4    | Bought a cursed ring of teleportation for 174 gold pieces
 90335 | Vaults:3 | Bought the cursed ring "Kheceate" {+Blink rF+ MR+ Str-3} for 392 gold pieces
 90401 | Vaults:2 | XOM: vitrification
 90636 | Depths:1 | Entered Level 1 of the Depths
 90974 | Depths:1 | Found a gateway to Hell.
 91110 | Depths:1 | XOM: colour smoke trail
 91425 | Depths:1 | XOM: divination: detect items
 91444 | Depths:1 | XOM: colour smoke trail
 91503 | Depths:1 | XOM: noise
 91727 | Depths:1 | XOM: mild Fire miscast
 91747 | Depths:1 | Reached skill level 15 in Air Magic
 92602 | Depths:2 | Found Khunen's General Store.
 92628 | Depths:2 | Bought a scroll of teleportation for 36 gold pieces
 92634 | Depths:2 | XOM: harmless Erth miscast
 92817 | Depths:2 | XOM: harmless Pois miscast
 93258 | Depths:2 | XOM: harmless Ice miscast
 93723 | Depths:2 | XOM: 2-stop teleportation journey
 93912 | Depths:2 | XOM: summons 8 hostile demons
 94108 | Depths:2 | XOM: medium Erth miscast
 94282 | Depths:2 | XOM: summons 4 hostile shadow creatures
 94337 | Depths:1 | XOM: medium Tloc miscast
 94483 | Depths:2 | Reached skill level 16 in Air Magic
 94486 | Depths:2 | XOM: polymorph red devil -> blue devil
 94711 | Depths:2 | XOM: god gift: rapier {god gift}
 94767 | Depths:3 | XOM: 8-stop teleportation journey
 94799 | Depths:3 | Found a one-way gate leading to the halls of Pandemonium.
 94806 | Depths:3 | XOM: cast spell 'Shadow Creatures'
 95078 | Depths:3 | XOM: harmless Chrm miscast
 95473 | Depths:3 | XOM: polymorph ogre mage -> hill giant
 95493 | Depths:3 | XOM: noise
 95806 | Depths:3 | XOM: harmless Ice miscast
 96039 | Depths:3 | XOM: harmless Conj miscast
 96050 | Depths:3 | XOM: severe Conj miscast
 96198 | Depths:3 | XOM: mild Ice miscast
 96201 | Depths:3 | XOM: summons 11 hostile demons
 96308 | Depths:2 | XOM: summons 5 hostile shadow creatures
 96400 | Depths:2 | XOM: summons 7 hostile demons
 96656 | Depths:3 | XOM: enchant monster (bad)
 96866 | Depths:3 | XOM: chaos cloud
 97072 | Depths:3 | XOM: chaos upgrade
 97080 | Depths:3 | XOM: chaos cloud
 97082 | Depths:3 | XOM: polymorph polar bear -> basilisk
 97279 | Depths:2 | XOM: harmless Pois miscast
 97369 | Depths:3 | Reached XP level 23. HP: 182/182 MP: 28/36
 97372 | Depths:3 | XOM: potion effect (invisibility)
 97379 | Depths:3 | XOM: colour smoke trail
 97836 | Depths:3 | Reached skill level 17 in Air Magic
 98366 | Depths:3 | Got a slimy giant club
 98366 | Depths:3 | Got a transparent giant club {antimagic}
 98367 | Depths:3 | Identified the cursed +8 giant club of Sin {venom, Stlth+} (You took it off an ettin on level 3 of the Depths)
 98368 | Depths:3 | Identified the +9 giant club of Bygry {antimagic, MR++ Str+3 Stlth+} (You took it off an ettin on level 3 of the Depths)
 98375 | Depths:3 | XOM: summons 7 friendly demons
 98691 | Depths:3 | Got a smelly ring mail
 98720 | Depths:3 | Identified the cursed -1 ring mail "Twudd" {+Inv rF++ rCorr} (You took it off a spriggan on level 3 of the Depths)
 98776 | Depths:3 | Noticed the Enchantress
 98789 | Depths:3 | XOM: potion effect (heal wounds)
 98799 | Depths:3 | XOM: silly message
 98803 | Depths:3 | XOM: divination: detect creatures
 98817 | Depths:3 | XOM: potion effect (curing)
 98820 | Depths:3 | XOM: potion effect (heal wounds)
 98821 | Depths:3 | XOM: potion effect (might)
 98823 | Depths:3 | XOM: potion effect (curing)
 98829 | Depths:3 | XOM: silly message
 98854 | Depths:3 | XOM: divination: detect creatures
 98915 | Depths:2 | Learned a level 6 spell: Deflect Missiles
 98950 | Depths:2 | Learned a level 6 spell: Conjure Ball Lightning
 98972 | Depths:3 | XOM: potion effect (brilliance)
 98992 | Depths:3 | Killed the Enchantress
 99005 | Depths:3 | XOM: chaos upgrade
 99195 | Depths:3 | XOM: summons 4 hostile shadow creatures
 99207 | Depths:3 | Your ally Enchantress died
 99290 | Depths:3 | XOM: mild Ice miscast
 99636 | Depths:3 | XOM: medium Pois miscast
 99696 | Depths:3 | XOM: mild Erth miscast
100063 | Depths:3 | XOM: harmless Summ miscast
100253 | Depths:3 | XOM: silly message
100857 | Depths:3 | XOM: mild Summ miscast
101094 | Depths:4 | Noticed Xtahua
101146 | Depths:4 | Killed Xtahua
101445 | Depths:4 | Found a gateway to a ziggurat.
101734 | Depths:3 | XOM: summons 4 hostile shadow creatures
102009 | Depths:3 | XOM: harmless Hex miscast
102151 | Depths:4 | Identified a +7 rod of the swarm (14/14) (You found it on level 4 of the Depths)
102789 | Depths:4 | Found a glowing golden altar of the Shining One.
102816 | Depths:4 | Noticed Jory
102828 | Depths:4 | XOM: fog
102837 | Depths:4 | Killed Jory
102871 | Depths:4 | XOM: 3-stop teleportation journey
103001 | Depths:4 | XOM: stat loss: -1 Str (16/17)
103108 | Depths:4 | XOM: mild Trmt miscast
103217 | Depths:4 | Found a corrupted altar of Lugonu.
103231 | Depths:4 | Found a one-way gate to the infinite horrors of the Abyss.
103329 | Depths:4 | Reached skill level 18 in Air Magic
103744 | Depths:4 | XOM: smoke on damage
103893 | Depths:5 | Entered Level 5 of the Depths
103894 | Depths:5 | XOM: enchant monster (good)
103926 | Depths:5 | XOM: silly message
103932 | Depths:5 | XOM: polymorph tentacled monstrosity -> tentacled monstrosity
104295 | Depths:4 | XOM: god gift: 640 gold pieces
104422 | Depths:4 | XOM: divination: detect creatures
104637 | Depths:5 | XOM: divination: magic mapping
104828 | Depths:2 | XOM: divination: detect creatures
104970 | D:13     | You paid a toll of a +4 demon whip to enter a treasure trove
104971 | Trove    | Entered a treasure trove
104973 | Trove    | XOM: divination: detect creatures
104981 | Trove    | Got a scorched marble ring
105043 | D:13     | Identified the ring of Buurchuk {rF+ MR+} (You found it in a treasure trove)
105269 | Depths:5 | XOM: potion effect (haste)
105345 | Depths:5 | XOM: potion effect (brilliance)
105541 | Depths:5 | Found Cukhia's Distillery.
105639 | Depths:5 | XOM: harmless Tloc miscast
105821 | Depths:5 | Found a gate to the Realm of Zot.
105986 | Depths:5 | XOM: colour smoke trail
106317 | Depths:5 | XOM: cast spell 'Dispersal'
106437 | Depths:5 | Reached skill level 19 in Air Magic
106476 | Depths:5 | XOM: harmless Conj miscast
106576 | Depths:5 | XOM: blink monster(s)
106764 | Depths:5 | XOM: enchant monster (bad)
106805 | Depths:5 | XOM: silly message
107519 | Depths:5 | Learned a level 1 spell: Apportation
107593 | Depths:5 | XOM: noise
107596 | Depths:5 | XOM: mild Necr miscast
107597 | Depths:5 | XOM: polymorph purple very ugly thing -> acid blob
107604 | Depths:5 | XOM: summons 2 hostile demons
107607 | Depths:5 | XOM: swap monsters
107609 | Depths:5 | XOM: severe Conj miscast
107616 | Depths:5 | XOM: summons 1 hostile demon
107782 | Depths:4 | XOM: mild Necr miscast
107861 | Depths:5 | Reached skill level 1 in Translocations
108003 | Depths:5 | Reached XP level 24. HP: 172/189 MP: 29/36
108170 | Zig:1    | Entered Level 1 of a ziggurat
108325 | Zig:1    | XOM: mild Erth miscast
108326 | Zig:2    | XOM: noise
108326 | Zig:2    | Entered Level 2 of a ziggurat
108392 | Zig:3    | Entered Level 3 of a ziggurat
108413 | Zig:3    | Identified the Reference Book on Ashen Ice
108451 | Zig:4    | Entered Level 4 of a ziggurat
108458 | Zig:4    | XOM: confuse monster(s)
108570 | Zig:4    | Got a glittering ivory ring
108571 | Zig:4    | Identified the ring of the Hundredfold Seas {AC+3 Int+4 Dex+3} (You found it on level 4 of a ziggurat)
108585 | Zig:5    | Entered Level 5 of a ziggurat
108602 | Zig:5    | HP: 6/189 [fire dragon/blast of flame (43)]
108610 | Zig:5    | Got a heavily runed cloak
108611 | Zig:5    | XOM: summons 2 friendly demons
108614 | Zig:6    | Entered Level 6 of a ziggurat
108779 | Zig:6    | Identified the +2 cloak "Shehain" {Str+2 Int-1 Dex+2} (You found it on level 5 of a ziggurat)
108788 | Zig:6    | XOM: polymorph purple draconian -> azure jelly
108795 | Zig:6    | XOM: medium Fire miscast
108799 | Zig:6    | XOM: swap weapons
108864 | Zig:6    | XOM: mild Ice miscast
108879 | Zig:6    | XOM: harmless Tloc miscast
109132 | Depths:4 | Voluntarily entered the Abyss.
109132 | Abyss:1  | Found a corrupted altar of Lugonu.
109153 | Abyss:1  | XOM: polymorph hell hog -> rakshasa
109311 | Abyss:2  | XOM: enchant monster (bad)
109325 | Abyss:2  | XOM: medium Trmt miscast
109336 | Abyss:2  | XOM: harmless Divn miscast
109359 | Abyss:2  | XOM: mild Tloc miscast
109517 | Abyss:2  | Found a corrupted altar of Lugonu.
109661 | Abyss:2  | XOM: destruction
109673 | Abyss:2  | XOM: fake destruction
109714 | Abyss:2  | XOM: cast spell 'Conjure Ball Lightning'
109717 | Abyss:2  | XOM: noise
109905 | Abyss:2  | XOM: god gift: scroll of amnesia
110053 | Abyss:2  | Reached skill level 20 in Air Magic
110088 | Abyss:2  | XOM: cast spell 'Summon Dragon'
110184 | Abyss:2  | XOM: noise
110252 | Abyss:2  | XOM: swap monsters
110394 | Abyss:2  | XOM: enchant monster (bad)
110397 | Abyss:2  | XOM: enchant monster (good)
110471 | Abyss:2  | XOM: confuse monster(s)
110485 | Abyss:2  | XOM: divination: magic mapping
110489 | Abyss:2  | XOM: silly message
110491 | Abyss:2  | XOM: summons 5 hostile shadow creatures
110509 | Abyss:2  | Found a corrupted altar of Lugonu.
110527 | Abyss:2  | Reached skill level 10 in Spellcasting
110726 | Abyss:2  | XOM: chaos cloud
110865 | Abyss:3  | XOM: stealth player
110870 | Abyss:3  | XOM: silly message
110935 | Abyss:3  | Got an abyssal rune of Zot
111002 | Abyss:3  | Found a deep blue altar of Sif Muna.
111009 | Abyss:3  | Paralysed by accursed screaming for 2 turns
111031 | Abyss:3  | Found a corrupted altar of Lugonu.
111070 | Abyss:3  | Got a glittering tin amulet
111174 | Abyss:3  | XOM: harmless Necr miscast
111182 | Abyss:3  | Found a corrupted altar of Lugonu.
111188 | Depths:4 | Escaped the Abyss
111190 | Depths:4 | Identified the amulet "Toere" {rMut Str-3 Dex+2} (You found it on level 3 of the Abyss)
111276 | Depths:4 | Voluntarily entered the Abyss.
111445 | Abyss:2  | XOM: mild Necr miscast
111547 | Depths:4 | Escaped the Abyss
112014 | Depths:4 | XOM: harmless Pois miscast
112349 | Depths:4 | XOM: harmless Fire miscast
112354 | Depths:4 | XOM: harmless Chrm miscast
112355 | Depths:4 | XOM: noise
112389 | Depths:3 | XOM: colour smoke trail
112502 | Depths:3 | XOM: summons 1 hostile demon
112526 | Depths:3 | XOM: scenery: 1 doors close
112647 | Depths:3 | XOM: mild Trmt miscast
113422 | Depths:3 | XOM: silly message
113444 | Depths:3 | XOM: silly message
113676 | Depths:3 | XOM: god gift: 37 gold pieces
113707 | Depths:2 | XOM: divination: detect creatures
114095 | Crypt:3  | XOM: harmless Fire miscast
114110 | Crypt:3  | XOM: colour smoke trail
114278 | Crypt:3  | XOM: divination: magic mapping
114280 | Crypt:3  | XOM: enchant monster (good)
114284 | Crypt:3  | XOM: summons friendly white imp
114292 | Crypt:3  | XOM: summons 4 friendly demons
114318 | Crypt:3  | Got a steaming lapis lazuli ring
114319 | Crypt:3  | Identified the ring "Kichumus" {Str+3 Dex-3 Stlth+} (You found it on level 3 of the Crypt)
114322 | Crypt:3  | Identified the Compendium of Boosts and Dislocation
114369 | Crypt:3  | XOM: potion effect (agility)
114388 | Crypt:3  | XOM: medium Conj miscast
114390 | Crypt:3  | XOM: 2-stop teleportation journey
114635 | Crypt:3  | XOM: smoke on damage
114667 | Crypt:3  | XOM: harmless Conj miscast
114698 | Crypt:3  | XOM: divination: detect creatures
114718 | Crypt:3  | XOM: chaos cloud
114719 | Crypt:3  | Paralysed by you for 6 turns
114722 | Crypt:3  | HP: 6/189 [red devil/trident (5)]
114723 | Crypt:3  | Annihilated by a war gargoyle

Inventory:

Hand weapons
 a - the +8 trident of Scorn (weapon) {pain, rF+}
   (You bought it in a shop on level 4 of the Orcish Mines)

   In the hands of one skilled in necromantic magic, it inflicts extra damage on
   living creatures.
   It protects you from fire.
 b - a +9 demon trident of electrocution
 n - a +4 demon trident of piercing
Missiles
 z - 2 throwing nets (quivered)
Armour
 g - a +2 pair of boots of stealth (worn)
 k - a +2 helmet of intelligence (worn)
 r - a +2 pair of gloves (worn)
 y - a +3 buckler of cold resistance (worn)
 I - a +4 troll leather armour (worn)
 X - a +2 cloak of invisibility (worn)
Magical staves
 c - an uncursed staff of wizardry
Jewellery
 d - the ring of the Hundredfold Seas (right hand) {AC+3 Int+4 Dex+3}
   (You found it on level 4 of a ziggurat)

   [ring of protection]

   It affects your AC (+3).
   It affects your intelligence (+4).
   It affects your dexterity (+3).
 B - an amulet of clarity (around neck)
 D - a cursed ring of sustain abilities
 F - an uncursed ring of see invisible
 G - an uncursed amulet of regeneration
 N - an uncursed ring of teleportation
 S - an uncursed amulet of resist mutation
 T - an uncursed ring of wizardry
 U - the ring "Kheceate" (left hand) {+Blink rF+ MR+ Str-3}
   (You bought it in a shop on level 3 of the Vaults)

   [ring of strength]

   It affects your strength (-3).
   It protects you from fire.
   It affects your resistance to hostile enchantments.
   It lets you blink.
 W - an uncursed ring of teleport control
Magical devices
 f - a wand of heal wounds (5)
 h - a wand of disintegration (8)
 j - a wand of teleportation (2)
 t - a wand of hasting (2)
 u - a wand of heal wounds (4)
 w - a wand of heal wounds (7)
 A - a wand of digging (9)
 Q - a wand of random effects (5)
Scrolls
 e - 14 scrolls of remove curse
 i - a scroll of teleportation
 l - 8 scrolls of amnesia
 o - 3 scrolls of torment
 q - a scroll of recharging
 v - 4 scrolls of blinking
 J - 3 scrolls of fog
 L - 18 scrolls of identify
 M - 3 scrolls of immolation
 P - a scroll of brand weapon
 R - 6 scrolls of magic mapping
 V - 4 scrolls of enchant armour
Books
 O - a book of the Sky

   Spells                             Type                      Level
   *Flight                            Charms/Air                   3
   Airstrike                          Air                          4
   Silence                            Hexes/Air                    5
   *Deflect Missiles                  Charms/Air                   6
   *Conjure Ball Lightning            Conjuration/Air              6
   Tornado                            Air                          9
Miscellaneous
 m - a stone of tremors
 p - a phantom mirror
 s - a fan of gales
 C - a lamp of fire
 E - a lamp of fire
 H - a lamp of fire

Table legend:
 A = Turns spent in this place as a percentage of turns spent in the entire game.
 B = Non-inter-level travel turns spent in this place as a percentage of non-inter-level travel turns spent in the entire game.
 C = Inter-level travel turns spent in this place as a percentage of turns spent in this place.
 D = Turns resting spent in this place as a percentage of non-inter-level travel turns spent in this place.
 E = Turns spent auto-exploring this place as a percentage of non-inter-level travel turns spent in this place.
 F = Non-inter-level travel turns spent in this place divided by the number of levels of this place that you've seen.
                   A       B       C       D       E      F
               +-------+-------+-------+-------+-------+----------------------
         Total | 100.0 | 100.0 |   0.7 |   7.9 |   4.9 | 570.5
       Dungeon |  24.0 |  24.0 |   0.8 |   6.4 |   6.0 | 610.7
          Lair |  10.2 |  10.2 |   0.6 |   7.7 |   6.4 | 488.5
         Swamp |   5.7 |   5.7 |   0.7 |  10.0 |   5.5 | 438.8
     Snake Pit |   7.9 |   7.9 |   0.6 |  12.7 |   6.6 | 604.2
  Orcish Mines |   3.8 |   3.8 |   0.9 |   4.9 |  13.0 | 364.5
   Elven Halls |   3.0 |   3.0 |   0.4 |   8.6 |   5.7 | 577.5
        Vaults |   7.9 |   7.9 |   1.1 |   8.8 |   5.8 | 753.2
         Crypt |   8.5 |   8.5 |   0.4 |   6.1 |   3.0 | 1086.7
        Depths |  14.5 |  14.5 |   1.1 |  11.3 |   3.7 | 1105.0
         Abyss |  12.0 |  12.0 |   0.0 |   5.0 |   0.2 | 575.0
      Ziggurat |   0.8 |   0.8 |   0.0 |   7.5 |   0.0 |  51.3
         Trove |   0.1 |   0.1 |   0.0 |   0.0 |   0.0 |  38.0
         Sewer |   1.5 |   1.5 |   0.0 |   5.5 |   1.9 | 582.0
               +-------+-------+-------+-------+-------+----------------------


   Skills:
 - Level 15.5 Fighting
 - Level 14.5 Polearms
 - Level 11.0 Armour
 - Level 12.0 Dodging
 - Level 2.4 Stealth
 - Level 3.1 Shields
 - Level 10.0 Spellcasting
 - Level 11.9 Conjurations
 - Level 10.0 Necromancy
 - Level 2.4 Translocations
 - Level 10.5 Fire Magic
 * Level 20.6 Air Magic
 - Level 5.0 Evocations


You had 4 spell levels left.
You knew the following spells:

 Your Spells              Type           Power        Failure   Level  Hunger
a - Sticky Flame          Conj/Fire      #####...     1%          4    N/A
b - Conjure Flame         Conj/Fire      #####...     1%          3    N/A
c - Fireball              Conj/Fire      #####.....   2%          5    N/A
d - Deflect Missiles      Chrm/Air       #####.....   21%         6    N/A
e - Bolt of Draining      Conj/Necr      ######....   2%          5    N/A
f - Animate Dead          Necr           N/A          1%          4    N/A
g - Flight                Chrm/Air       #####.....   1%          3    N/A
h - Conjure Ball Lightni  Conj/Air       ######....   1%          6    N/A
i - Apportation           Tloc           ###.......   3%          1    N/A
j - Swiftness             Chrm/Air       #####...     1%          2    N/A

Dungeon Overview and Level Annotations

Branches:
Dungeon (15/15)            Temple (0/1) D:7            Lair (8/8) D:8
  Swamp (5/5) Lair:4        Snake (5/5) Lair:4        Slime (0/6) Lair:8
    Orc (4/4) D:12            Elf (2/3) Orc:3        Vaults (4/5) D:13
  Crypt (3/3) Vaults:3       Tomb (0/3) Crypt:3      Depths (5/5) D:15
    Zot (0/5) Depths:5

Altars:
Gozag
Kikubaaqudgha
Makhleb
Okawaru
Qazlal
Sif Muna
Trog
Vehumet
Xom
Yredelemnul
Zin
The Shining One
Beogh
Jiyva
Lugonu

Shops:
D:7 [:(   D:15 !   Orc:2 (   Orc:3 }   Orc:4 ((=(   Elf:1 =   Snake:2 *
Vaults:1 *   Vaults:3 =}***   Vaults:4 *   Depths:2 *   Depths:5 !

Portals:
Hell: Depths:1 Depths:2 Depths:3 Depths:4 Depths:5
Abyss: Depths:4*
Pandemonium: Depths:3

Annotations:
D:8 1 exclusion
D:9 Duvessa
D:10 runed door, exclusion: orange crystal statue
D:13 exclusion: obsidian statue
D:15 exclusion: Roxanne, Roxanne
Lair:2 Harold
Lair:8 runed door, exclusion: door
Elf:2 runed door
Vaults:2 Mara


Innate Abilities, Weirdness & Mutations

You do not eat or drink.
Your flesh is vulnerable to fire.
You are in touch with the powers of death.
You can restore your body by infusing magical energy.
Your flesh is cold resistant.
You are immune to negative energy.
Your system is resistant to poisons.
You are immune to unholy pain and torment.
You can survive without breathing.


Message History

The hell knight points at you and mumbles some strange words.
The bolt of fire hits you! You resist.
Xom asks Qazlal to spice things up a little.
The war gargoyle is engulfed in seething chaos.
You are engulfed in seething chaos.
You suddenly lose the ability to move!
The war gargoyle is engulfed in seething chaos.
The hell knight is engulfed in seething chaos.
You are engulfed in seething chaos.
The war gargoyle is engulfed in seething chaos.
The war gargoyle hits you with an antimagic dire flail!
You feel your power leaking away.
The hell knight is engulfed in seething chaos.
You are engulfed in seething chaos.
The war gargoyle is engulfed in seething chaos.
The war gargoyle is caught in a localised spatial distortion.
The war gargoyle launches metal splinters at you.
The spray of metal splinters hits you!
The red devil is engulfed in seething chaos.
The war gargoyle is engulfed in seething chaos.
The war gargoyle hits you but does no damage.
The hell knight is engulfed in seething chaos.
The hell knight goes berserk!
The hell knight completely misses you.
You are engulfed in seething chaos.
You feel much better.
The red devil is engulfed in seething chaos.
The hell knight is engulfed in seething chaos.
The hell knight flickers and vanishes!
Deactivating autopickup; reactivate with Ctrl-A.
The war gargoyle is engulfed in seething chaos.
The war gargoyle looks slightly disoriented.
The war gargoyle hits you with an antimagic dire flail!!
The hell knight is engulfed in seething chaos.
The hell knight hits you with a war axe of draining!!
Xom roars with laughter!
The red devil is engulfed in seething chaos.
The red devil hits you from afar with a trident.
You are engulfed in seething chaos.
The war gargoyle is engulfed in seething chaos.
The war gargoyle hits you with an antimagic dire flail!!
You die...
Xom thinks this is hilarious!
P.P

, ,, , ,#.......#...
##''#######################'####
#....#.=≈§#..≈§#..≈≈# ###8.8###
#..9.#%.§§#%..§#)..§# ##.......#
#....#....#..§§#....###.........
#....#....#....#....##..........
##''###''###§§###)'###..........
.#...........§§p§§...#8..........
.'..).......§{49@§§..'......⌠....
.#...........§§§§§...#8..........
######################.........#
#$$....WW<# #.........'
.#W()..W..## * *** ##........'
.#$$$("####≈≈ ≈ ** ##.......#
.#W..W##≈≈≈ ≈≈≈ ≈≈≈ **###8.8###
.#..###≈≈≈≈≈≈≈ ≈≈≈≈≈≈≈≈* *##'####
.####≈≈≈≈≈≈≈≈≈≈ ≈≈≈≈≈ #<#...


You could see a hell knight (berserk), a war gargoyle and a red devil.

Table legend:
 A = Kills in this place as a percentage of kills in entire the game.
 B = Kills by you in this place as a percentage of kills by you in the entire game.
 C = Kills by friends in this place as a percentage of kills by friends in the entire game.
 D = Other kills in this place as a percentage of other kills in the entire game.
 E = Experience gained in this place as a percentage of experience gained in the entire game.
 F = Experience gained in this place divided by the number of levels of this place that you have seen.
                   A       B       C       D       E      F
               +-------+-------+-------+-------+-------+----------------------
         Total | 100.0 | 100.0 | 100.0 | 100.0 | 100.0 | 16268.5
       Dungeon |  21.7 |  22.6 |  11.5 |  23.1 |   7.5 | 5458.9
          Lair |   9.3 |  10.0 |   1.6 |   0.0 |   5.7 | 7746.1
         Swamp |   6.9 |   7.1 |   4.9 |   0.0 |   6.8 | 14875.6
     Snake Pit |   9.0 |   8.3 |  17.2 |  15.4 |  10.4 | 22604.0
  Orcish Mines |   8.0 |   8.8 |   0.0 |   0.0 |   1.5 | 3973.2
   Elven Halls |   3.8 |   3.3 |   7.4 |  46.2 |   4.2 | 23123.0
        Vaults |  10.7 |   9.8 |  20.9 |   0.0 |  14.2 | 38685.2
         Crypt |   6.9 |   7.5 |   0.8 |   0.0 |  11.4 | 41318.7
        Depths |  12.7 |  11.3 |  29.5 |   0.0 |  23.8 | 51886.6
         Abyss |   8.5 |   9.1 |   2.0 |  15.4 |  11.6 | 15780.2
      Ziggurat |   0.8 |   0.9 |   0.0 |   0.0 |   2.9 | 5287.3
         Sewer |   1.6 |   1.4 |   4.1 |   0.0 |   0.0 | 504.0
               +-------+-------+-------+-------+-------+----------------------

Vanquished Creatures
  A Killer Klown (Zig:2)
  Jory (Depths:4)
  Xtahua (Depths:4)
  the Enchantress (Depths:3)
  Vashnia (Snake:2)
  A quicksilver dragon (Zig:4)
  2 tentacled monstrosities
  A titan (Zig:5)
  12 tentacled starspawn
  An octopode crusher (Depths:2)
  3 liches
  4 ancient champions (Crypt:1)
  8 sphinxes
  Agnes (Elf:1)
  A shadow dragon (Depths:5)
  A tengu reaver (Depths:4)
  A storm dragon (Zig:4)
  An acid blob (Depths:5)
  A draconian monk (Zig:6)
  4 thorn hunters
  An orc warlord (Elf:1)
  3 revenants
  2 azure jellies
  Donald (Swamp:5)
  An iron dragon (Depths:3)
  A draconian scorcher (Zig:6)
  5 fire giants
  A ghost moth (Zig:1)
  4 emperor scorpions
  A draconian knight (Zig:6)
  5 frost giants
  A draconian zealot (Depths:5)
  A curse skull (Crypt:3)
  A deep elf sorcerer (Vaults:3)
  8 vault wardens
  Gastronok (Lair:3)
  3 ghouls (Crypt:1)
  A draconian annihilator (Zig:6)
  Jorgrun (Snake:5)
  A draconian shifter (Abyss:2)
  6 spriggan defenders
  7 very ugly things
  10 stone giants
  A stone giant (shapeshifter) (Depths:3)
  2 grey draconians
  A lorocyproca (Abyss:2)
  6 vampire knights
  A black draconian (Zig:6)
  2 yellow draconians (Depths:5)
  A red draconian (Depths:5)
  A caustic shrike zombie (Crypt:1)
  2 deep elf annihilators
  4 dire elephants
  A merfolk javelineer (Depths:4)
  A merfolk impaler (Depths:2)
  A minotaur (Depths:3)
  An unborn (Abyss:1)
  4 ettins
  A crystal guardian (Vaults:4)
  3 eidola
  10 ironheart preservers
  A deep elf death mage (Crypt:2)
  8 vault guards
  13 fire dragons
  Josephine (Elf:1)
  8 yaktaur captains
  11 jiangshi
  A deep elf high priest (Vaults:3)
  Fannar (Orc:4)
  11 rakshasas
  4 great orbs of eyes
  A ghost crab (Swamp:4)
  28 hydras
  A quicksilver dragon skeleton (Crypt:3)
  14 naga warriors
  3 anacondas
  7 ice dragons
  A spriggan air mage (Depths:3)
  10 centaur warriors
  14 ogre magi
  6 deep troll earth magi
  3 tengu warriors
  11 vampire magi
  4 dancing weapons (Elf:2)
  5 shock serpents
  2 death knights (Crypt:2)
  4 deep troll shamans
  6 orc high priests
  15 thrashing horrors
  8 alligators
  26 death yaks
  A shock serpent (shapeshifter) (Vaults:4)
  Urug (Orc:3)
  2 hell hogs (Abyss:3)
  9 spriggan berserkers
  2 salamander mystics
  15 naga sharpshooters
  11 hell knights
  Nergalle (Lair:5)
  A storm dragon zombie (Crypt:2)
  A sun demon (Abyss:2)
  3 wretched stars
  An iron troll (Depths:3)
  A harpy (shapeshifter) (Vaults:3)
  35 skeletal warriors
  19 deep elf knights
  A storm dragon skeleton (Crypt:1)
  4 shadow wraiths
  3 unseen horrors
  7 wizards
  A sea snake (shapeshifter) (Depths:5)
  A death drake (Snake:5)
  A catoblepas (D:11)
  9 flayed ghosts
  A shadow demon (Abyss:1)
  22 orc knights
  A fire crab (Vaults:2)
  7 naga ritualists
  34 starcursed masses
  2 spriggan druids
  2 shambling mangroves (Swamp:4)
  8 swamp dragons
  4 giant orange brains
  14 deep trolls
  7 deep elf summoners
  A tengu zombie (Depths:4)
  6 mana vipers
  9 hill giants
  9 ironbrand convokers
  A shadow dragon zombie (Crypt:2)
  7 necromancers
  11 deep elf conjurers
  12 phantasmal warriors
  12 cyclopes
  A sphinx zombie (Crypt:2)
  An orb spider (shapeshifter) (Snake:1)
  4 fauns
  41 ugly things
  A sphinx skeleton (Crypt:1)
  A frost giant zombie (Crypt:3)
  A shining eye (shapeshifter) (Depths:3)
  7 manticores
  A stone giant zombie (Abyss:3)
  5 orc sorcerers
  A faun (shapeshifter) (D:13)
  12 salamanders
  10 wolf spiders
  7 griffons
  2 oklob plants (Depths:2)
  2 water nymphs (Abyss:3)
  4 red wasps
  6 sixfirhies
  2 apocalypse crabs
  5 guardian serpents
  2 rust devils
  4 worldbinders
  2 iron dragon skeletons
  A moth of wrath (Zig:1)
  A molten gargoyle (Depths:2)
  2 stone giant skeletons
  52 black mambas
  6 elephants (Lair:7)
  14 vault sentinels
  9 smoke demons
  20 naga magi
  An orange demon (Abyss:2)
  A dire elephant zombie (Crypt:3)
  A shock serpent skeleton (Crypt:1)
  2 deep dwarf zombies
  5 gargoyles
  2 efreet
  3 guardian serpents (shapeshifter)
  Psyche (D:11)
  25 spiny frogs
  A death yak zombie (Depths:3)
  5 kobold demonologists
  30 yaktaurs
  A swamp worm zombie (Swamp:5)
  A tormentor (Abyss:3)
  10 komodo dragons
  2 demonic crawlers
  2 harpy zombies
  2 tengu conjurers
  3 fire drakes
  A mottled draconian skeleton (Crypt:1)
  12 deep elf priests
  2 red devils
  A wandering mushroom (D:9)
  An anaconda simulacrum (Crypt:1)
  7 trolls
  4 freezing wraiths
  2 blue devils
  2 hellwings
  A queen bee (shapeshifter) (Depths:5)
  8 ancient zymes
  2 silent spectres (Crypt:1)
  A hydra zombie (Crypt:1)
  16 two-headed ogres
  2 baby alligators (Swamp:2)
  2 polar bears
  An alligator zombie (Crypt:1)
  A trapdoor spider zombie (D:12)
  20 blink frogs
  A catoblepas zombie (Crypt:3)
  A golden dragon simulacrum (Crypt:1)
  A sphinx simulacrum (Vaults:3)
  2 fire giant simulacra
  A red wasp zombie (Swamp:5)
  6 giant leeches
  8 bog bodies
  A catoblepas skeleton (Crypt:2)
  20 ravens
  41 slime creatures
  A wind drake (shapeshifter) (D:14)
  2 boulder beetles
  16 raiju
  2 basilisks
  A hydra skeleton (Crypt:3)
  5 trapdoor spiders
  9 water elementals
  A golden eye (shapeshifter) (D:13)
  An ice dragon skeleton (Crypt:3)
  9 flying skulls (Crypt:2)
  4 redbacks
  A spriggan (shapeshifter) (D:15)
  A black mamba zombie (Crypt:3)
  8 humans (D:11)
  26 large abominations
  20 spriggans
  3 hogs (Swamp:4)
  A tarantella (Elf:2)
  13 wraiths
  21 yaks
  A fire bat (Abyss:3)
  13 vampires
  A fire dragon skeleton (Crypt:2)
  4 wyverns
  8 ynoxinuls
  A fire bat (shapeshifter) (Depths:5)
  9 shadows
  An emperor scorpion simulacrum (Crypt:2)
  2 fire elementals (D:14)
  2 chaos spawn
  28 deep elf magi
  A golden eye (Abyss:2)
  A steam dragon (Zig:4)
  8 hippogriffs
  A raven zombie (Swamp:4)
  6 hungry ghosts
  24 wolves
  18 deep elf fighters
  A water nymph zombie (Abyss:3)
  74 nagas
  8 neqoxecs
  Edmund (D:7)
  5 insubstantial wisps (Swamp:5)
  Menkaure (D:6)
  A soldier ant (D:13)
  4 wargs
  47 water moccasins
  11 hell hounds
  28 swamp worms
  2 human zombies (Crypt:2)
  4 mottled dragons
  12 porcupines
  26 vampire mosquitoes
  6 ice beasts
  48 orc warriors
  8 boggarts
  A spider (Abyss:1)
  A lindwurm zombie (Crypt:2)
  4 sky beasts
  2 black bears
  An eye of draining (D:13)
  A manticore zombie (Depths:3)
  A necrophage (Crypt:1)
  2 phantoms
  2 boring beetles
  A boring beetle (shapeshifter) (Vaults:3)
  A swamp dragon zombie (Swamp:5)
  17 swamp drakes
  26 yellow wasps
  3 elf skeletons
  2 elf simulacra (Elf:1)
  54 ogres
  9 crocodiles
  21 small abominations
  9 big kobolds
  15 centaurs
  A salamander zombie (Snake:5)
  4 brain worms
  18 giant frogs
  A gnoll sergeant (Orc:2)
  A warg zombie (Crypt:1)
  A cyclops skeleton (Crypt:2)
  4 scorpions
  23 killer bees
  A troll skeleton (Crypt:2)
  32 wights
  4 electric eels
  3 centaur zombies
  Dowan (D:9)
  17 crimson imps
  23 jellies
  9 iron imps
  38 orc priests
  7 giant frog zombies
  A wyvern simulacrum (D:15)
  Crazy Yiuf (D:7)
  2 bog body skeletons (Swamp:5)
  14 hounds
  17 iguanas
  9 centaur skeletons
  3 giant frog skeletons
  2 human skeletons (Crypt:2)
  5 quasits
  6 orange rats
  17 worker ants
  37 orc wizards
  14 sheep
  A killer bee zombie (D:9)
  6 naga zombies (Snake:5)
  An ogre zombie (Crypt:1)
  Ijyb (D:7)
  A brain worm zombie (Crypt:2)
  A deep dwarf skeleton (Crypt:1)
  8 mummies
  A hound skeleton (D:4)
  An orange rat skeleton (Crypt:1)
  Robin (D:4)
  8 gnolls
  A swamp drake zombie (Swamp:5)
  30 adders
  69 river rats
  13 shadow imps
  3 white imps
  A giant mite (shapeshifter) (D:13)
  A giant mite (D:5)
  9 ufetubi
  A worm (D:3)
  A halfling skeleton (Crypt:1)
  2 adder skeletons (D:9)
  An adder zombie (D:8)
  7 oozes
  186 orcs
  An orc (shapeshifter) (Sewer)
  7 ball pythons
  A bat skeleton (D:5)
  3 bat zombies
  7 giant cockroaches
  33 goblins
  19 hobgoblins
  10 jackals
  60 kobolds
  10 quokkas
  A ball python zombie (D:5)
  23 bats
  A giant cockroach zombie (D:5)
  6 giant geckos
  A giant gecko zombie (D:7)
  6 giant newts
  A giant spore (D:7)
  A kobold skeleton (Crypt:2)
  A quokka skeleton (D:10)
  24 rats
  A rat skeleton (Crypt:1)
  A river rat skeleton (Crypt:1)
  3 spectral orcs (Lair:5)
  10 ballistomycetes
  8 briar patches
  3 fungi
  10 starspawn tentacles
  3 starspawn tentacle segments
2837 creatures vanquished.

Vanquished Creatures (collateral kills)
  Nikola (Vaults:1)
  2 liches
  Kirke (Swamp:4)
  2 tengu reavers
  4 greater nagas (Snake:5)
  A frost giant (Depths:2)
  2 fire giants (Depths:4)
  Aizul (Snake:4)
  An emperor scorpion (Depths:1)
  2 stone giants
  A draconian shifter (Depths:5)
  3 very ugly things
  Azrael (D:14)
  An ettin (shapeshifter) (Vaults:1)
  3 ettins
  3 fire dragons
  A deep elf high priest (Depths:1)
  A deep elf death mage (Crypt:1)
  An ironheart preserver (Vaults:3)
  2 vault guards (Vaults:4)
  2 yaktaur captains (Depths:5)
  A rakshasa (Depths:1)
  An ice dragon (Depths:5)
  3 naga warriors (Snake:5)
  A hydra (Swamp:5)
  A spriggan air mage (Depths:3)
  2 centaur warriors
  A dancing weapon (Elf:2)
  A death yak (Lair:6)
  A spriggan berserker (Depths:3)
  A vampire mage (Crypt:1)
  2 spriggans (Depths:3)
  4 naga sharpshooters
  A deep elf knight (Depths:3)
  A wizard (Depths:3)
  3 skeletal warriors (Vaults:1)
  A hell knight (Depths:4)
  An ice devil (Depths:5)
  2 deep trolls
  A swamp dragon (Swamp:4)
  3 naga ritualists (Snake:5)
  2 deep elf summoners (Elf:1)
  2 hill giants
  An ironbrand convoker (Vaults:4)
  7 deep elf conjurers
  A harpy (Vaults:1)
  A red wasp (Vaults:4)
  4 orc knights
  A necromancer (Abyss:2)
  A worldbinder (Abyss:1)
  A mana viper (Snake:4)
  4 wolf spiders (Depths:2)
  2 oklob plants (Depths:2)
  A shining eye (shapeshifter) (Depths:3)
  2 fauns (Depths:3)
  9 ugly things
  4 vault sentinels
  6 black mambas
  A komodo dragon (Lair:8)
  5 naga magi (Snake:5)
  2 ravens
  8 yaktaurs
  A yaktaur zombie (Depths:5)
  A hellwing (Abyss:2)
  3 deep elf priests
  2 freezing wraiths
  2 tengu conjurers (Depths:3)
  6 deep elf fighters
  A two-headed ogre (Vaults:1)
  6 slime creatures
  A boulder beetle (Vaults:4)
  A bog body (Swamp:5)
  2 blink frogs (Lair:8)
  A fire dragon zombie (Depths:3)
  A spriggan (shapeshifter) (Depths:3)
  A spriggan zombie (Depths:3)
  A vampire (Depths:2)
  A wraith (D:13)
  2 trapdoor spiders (Depths:2)
  4 water elementals
  2 elf zombies
  3 vampire mosquitoes
  2 deep elf magi
  A fire elemental (D:14)
  A yak (D:9)
  A large abomination (Abyss:2)
  A spatial vortex (Depths:3)
  An elf simulacrum (Elf:1)
  15 nagas
  4 water moccasins (Swamp:4)
  An ogre zombie (Vaults:1)
  An elf skeleton (Depths:3)
  A hell hound (D:14)
  3 swamp drakes
  2 ogres (Vaults:3)
  2 orc warriors
  3 yellow wasps (Depths:3)
  A boggart (Vaults:1)
  A phantom (D:13)
  A big kobold (D:13)
  4 jellies
  2 wights (D:8)
  A giant frog skeleton (D:13)
  A goliath beetle (shapeshifter) (Depths:5)
  A two-headed ogre zombie (Vaults:1)
  An iron imp (Depths:5)
  An orange rat (Elf:2)
  4 orc wizards
  An adder (D:11)
  An ufetubus (Abyss:1)
  14 orcs
  2 kobolds (Sewer)
  An orc zombie (Vaults:4)
  8 rats (Sewer)
  2 fungi (Lair:8)
261 creatures vanquished.

Vanquished Creatures (others)
  A lich (Abyss:2)
  A fire dragon (Abyss:2)
  3 dancing weapons
  A giant orange brain (Depths:3)
  A very ugly thing zombie (Depths:4)
  A shadow dragon zombie (Depths:5)
  3 ugly thing zombies
  6 wolf spider zombies
  4 sphinx zombies
  A draconian zombie (Depths:5)
  A frost giant zombie (Depths:4)
  20 human zombies
  3 stone giant zombies
  3 fire giant zombies
  23 orc zombies
  A fire giant skeleton (Vaults:3)
  A shock serpent zombie (Snake:5)
  A black mamba (Lair:2)
  5 centaur zombies
  An emperor scorpion zombie (Depths:1)
  A yellow draconian zombie (Depths:5)
  A death yak zombie (Depths:3)
  2 swamp worm zombies (Swamp:5)
  A grey draconian zombie (Depths:5)
  A tormentor (Abyss:2)
  62 ball lightnings
  A tengu conjurer (Depths:3)
  A minotaur zombie (Depths:3)
  A fire vortex (Snake:1)
  A hydra zombie (Swamp:4)
  A merfolk zombie (Depths:4)
  A trapdoor spider zombie (Depths:2)
  3 ettin zombies
  A raven (Depths:3)
  3 ice dragon zombies
  10 deep troll zombies
  4 fire dragon zombies
  A griffon zombie (Vaults:3)
  2 spriggan skeletons (Depths:3)
  An ettin skeleton (Depths:3)
  A yak (Lair:8)
  6 black mamba zombies
  2 hill giant zombies
  A raven zombie (Swamp:4)
  17 spriggan zombies
  4 deep elf fighters
  A spatial vortex (Abyss:1)
  A small abomination (Abyss:2)
  2 nagas
  3 orc warriors
  An ogre (D:8)
  2 manticore zombies
  A black bear (D:11)
  A spiny frog skeleton (Swamp:5)
  A manticore skeleton (Depths:3)
  2 human skeletons (Vaults:3)
  2 orc skeletons (Vaults:3)
  An elf skeleton (Elf:1)
  3 lost souls
  2 hog zombies (Swamp:4)
  3 vampire mosquito zombies (Vaults:2)
  A cyclops zombie (Vaults:2)
  A fire crab zombie (Vaults:2)
  A giant frog (D:11)
  11 yaktaur zombies
  A yaktaur skeleton (Depths:5)
  3 tengu zombies
  6 yellow wasp zombies
  4 two-headed ogre zombies
  48 elf zombies
  An orc priest (Elf:2)
  9 quasits
  5 crimson imps
  A kobold skeleton (Vaults:3)
  10 iron imps
  14 ogre zombies
  32 naga zombies
  4 ogre skeletons
  6 chimeras
  2 swamp drake zombies (Swamp:5)
  An adder (Lair:8)
  10 shadow imps
  9 white imps
  12 ufetubi
  2 orcs
  2 kobolds (D:10)
  A river rat zombie (Sewer)
  A giant gecko (D:3)
  2 giant spores
  2 lurking horrors (Abyss:2)
  A rat zombie (D:4)
  7 briar patches
  3 butterflies
  17 fungi
  26 plants
  33 starspawn tentacles
  422 starspawn tentacle segments
948 creatures vanquished.

Grand Total: 4046 creatures vanquished

Action                   |  1- 3 |  4- 6 |  7- 9 | 10-12 | 13-15 | 16-18 | 19-21 | 22-24 || total
-------------------------+-------+-------+-------+-------+-------+-------+-------+-------++-------
Melee: Spear             |   161 |   327 |   712 |       |       |     7 |       |       ||  1207
       Halberd           |       |       |   240 |   735 |       |       |       |       ||   975
       Trident           |       |       |     5 |   634 |  1572 |  1482 |  1451 |  1611 ||  6755
       Staff             |       |       |       |       |    27 |       |       |       ||    27
       Unarmed           |       |       |       |       |       |    30 |       |       ||    30
       Demon trident     |       |       |       |       |       |       |  1169 |   717 ||  1886
Throw: Throwing net      |       |       |       |     2 |       |       |       |       ||     2
 Cast: Conjure Flame     |       |       |       |    25 |    70 |    39 |    59 |    55 ||   248
       Sticky Flame      |       |       |       |    29 |   220 |   236 |   331 |   238 ||  1054
       Fireball          |       |       |       |       |   111 |    94 |   130 |   104 ||   439
       Bolt of Draining  |       |       |       |       |       |   119 |    72 |   112 ||   303
       Animate Dead      |       |       |       |       |       |    86 |    80 |    84 ||   250
       Flight            |       |       |       |       |       |     8 |     2 |    12 ||    22
       Repel Missiles    |       |       |       |       |       |       |     2 |     5 ||     7
       Dispel Undead     |       |       |       |       |       |       |     1 |       ||     1
       Swiftness         |       |       |       |       |       |       |       |    12 ||    12
       Conjure Ball Ligh |       |       |       |       |       |       |       |    24 ||    24
       Deflect Missiles  |       |       |       |       |       |       |       |     1 ||     1
       Apportation       |       |       |       |       |       |       |       |     8 ||     8
 Abil: Evoke Invisibilit |       |       |       |       |       |       |       |     7 ||     7
       Evoke Blink       |       |       |       |       |       |       |       |     1 ||     1
Evoke: Wand              |       |       |    17 |    30 |    21 |     9 |    25 |    17 ||   119
       Box of beasts     |       |       |       |    10 |       |       |       |       ||    10
       Lamp of fire      |       |       |       |       |       |       |     1 |       ||     1
  Use: Scroll            |       |       |    16 |    23 |    20 |    26 |    21 |    51 ||   157
 Stab: Invisible         |     3 |       |       |       |       |       |       |    10 ||    13
       Sleeping          |     1 |     3 |    19 |    21 |    16 |    11 |    18 |    10 ||    99
       Paralysed         |       |    10 |     1 |     1 |       |     2 |       |       ||    14
       Petrifying        |       |     5 |     1 |       |       |       |     1 |     1 ||     8
       Confused          |       |     1 |     3 |     9 |     1 |       |    12 |     3 ||    29
       Distracted        |       |       |     5 |     6 |     5 |     9 |    22 |    12 ||    59
       Petrified         |       |       |       |       |       |       |     2 |       ||     2
       Betrayed ally     |       |       |       |       |       |       |       |     1 ||     1

Vault maps used:
D:1:      saegor_arrival_miasma
D:2:      nicolae_overflow_hidden_temple, bloody_trog, first_bread,
          minmay_bat_box
D:3:      grunt_qazlal_clouds, gup_sewer_entry_glass
D:4:      makhleb_heckhound_becter, uniq_robin
D:5:      basic_altar, kennysheep_generic_room_11
D:6:      gammafunk_temple_overflow_wave, grunt_decor_one_mirror, uniq_menkaure
D:7:      minmay_temple_entry_junction, serial_shops, kennysheep_mini_moat,
          kennysheep_mini, nicolae_shop_waterfront, okawaru_metal_pillars_3,
          uniq_crazy_yiuf_cottage, uniq_iyjb, uniq_joseph, uniq_edmund
D:8:      kiku_gazebo_pond_becter, david_lair_shrubbed
D:9:      wad_arrow_thing, serial_pond, minmay_pond_fungi_e,
          minmay_pond_plants_a, blue_anna_alchemist, lemuel_blue_sif_altar,
          uniq_duvessa
D:10:     minmay_statue_crystal_thing
D:11:     erik_1, spider_trap, minmay_misc_feat_room, abandoned_shop,
          hangedman_decor_clover_reticule
D:12:     orc_0_dummy, kb_lookout_dungeons_type, kennysheep_four_rooms
D:13:     lightli_vaults_fourway_checkpoint, nicolae_trove_entry_free_sample,
          minivault_16
D:14:     minmay_misc_feat_chi, uniq_snorg, uniq_azrael
D:15:     hangedman_depths_entry_civil_slaughter, minmay_misc_feat_five,
          serial_shops, nicolae_shop_trees, uniq_roxanne
Lair:1:   lemuel_fruit_fields
Lair:2:   uniq_harold
Lair:3:   serial_bayou_lake_a, uniq_rupert, uniq_gastronok
Lair:4:   minmay_swamp_entry_reptiles, minmay_snake_entry_six_corridors,
          patterned_corridor
Lair:5:   serial_bayou_crossing, uniq_nergalle
Lair:7:   grunt_megastairs_3
Lair:8:   evil_forest, slime_altar_2, serial_bayou_pond_d
Swamp:1:  evilmike_swamp_ruin_house_4
Swamp:2:  evilmike_swamp_ruin_house_2, swamp_pool4
Swamp:3:  hangedman_swamp_ruin_wall
Swamp:4:  evilmike_swamp_ruin_rubble_1, uniq_kirke
Swamp:5:  swamp, swamp_pool2, uniq_saint_roka, uniq_donald
Snake:1:  grunt_ministairs_7, hangedman_venom_bottle
Snake:2:  serial_shops, nicolae_shop_trees, uniq_vashnia
Snake:4:  grunt_ministairs_15, abandoned_shop, uniq_aizul
Snake:5:  minmay_snake_end_coiled, grunt_ministairs_2, uniq_jorgrun
Orc:2:    nicolae_orc_accident_2, serial_shops, nicolae_shop_waterfront,
          nicolae_orc_sculptors_studio
Orc:3:    serial_shops, shop, nicolae_orc_pool_cavern, uniq_psyche
Orc:4:    basic_altar, st_orc_mages, uniq_fannar, uniq_urug
Elf:1:    eino_elf_arrival_altar, serial_shops, shop, minmay_elf_annihilation,
          uniq_agnes, uniq_josephine
Elf:2:    special_room, st_stairs_13, hangedman_elven_ridges,
          basic_stair_grate_trap
Vaults:1: v_misc_9, hangedman_vaults_impose, v_misc_5, vaults_room_hallway,
          nicolae_vaults_murderbox, dpeg_vaults_monster_box, serial_shops,
          shop_statue, uniq_nikola
Vaults:2: hangedman_vaults_snaps, vaults_room_stairs_pillars,
          vaults_standard_mumra_enter_the_diamond, st_cross,
          vaults_standard_mumra_enter_the_diamond, vaults_room_fours,
          nicolae_vaults_alarming, serial_ice_g, uniq_mara
Vaults:3: ontoclasm_vaults_gallery, hangedman_vaults_nails,
          minmay_crypt_entry_nasty_monster, vaults_room_pool,
          vaults_mumra_hexcomb, v_alt_pattern_5, v_misc_15,
          ontoclasm_vaults_claustrophobia, grunt_vaults_swirl,
          hangedman_vaults_corner, hangedman_vaults_nails,
          hangedman_vaults_stretched_pinwheel, serial_shops,
          nicolae_shop_crystal, shop, shop, shop_coins, shop
Vaults:4: v_misc_25, v_misc_25, hangedman_vaults_stagger, ontoclasm_vaults_echo,
          hangedman_vaults_pinch, ontoclasm_vaults_eye, vaults_room_ringed_pool,
          v_misc_15, nicolae_vaults_rhombus_5, vaults_standard_mumra_x,
          nicolae_vaults_rhombus_7, hangedman_vaults_impose, serial_shops, shop
Crypt:1:  st_vampire_maze
Crypt:2:  basic_altar, lemuel_mausoleum_altar_kikubaaqudgha
Crypt:3:  quadcrypt_mu
Depths:1: hell_entry, minmay_misc_feat_alley, hex_large,
          kennysheep_underground_church
Depths:2: spider_temple_joshua, abandoned_shop, hellmouth_1, serial_shops, shop,
          minmay_staircase_windowed_small
Depths:3: grunt_forest_end_chambers, pan_entry, hell_entry, dk_noncrumbling_4,
          serial_co_window_serial, co_window_paths_a, co_window_corner_a,
          co_window_corner_a, co_window_paths_a, co_window_corner_a,
          co_window_of_opportunity_c, co_window_corner_cb, co_window_corner_cb,
          co_window_corner_b, co_window_corner_b, co_window_corner_b
Depths:4: due_chaos_kobolds, enter_ziggurat_b, tso_metal_star, hell_entry,
          abyss_entry_small_statue_room, minivault_14,
          infiniplex_staircase_squiggle, uniq_xtahua, uniq_jory
Depths:5: grunt_zot_entry_tricorne, grunt_hell_entry_dis_grunt, serial_shops,
          shop
Abyss:2:  evilmike_abyss_exit_15, evilmike_abyss_exit_9
Abyss:3:  serial_sigils_hangedman_gut, grunt_abyss_rune_twisted_forest
Trove:    trove_simple
Sewer:    sewer_minmay_treatment
